Cogmind - Beta 13 X2 @@@ ROGUE MODE // 2024.01.16 @ 03:41:57 Player: Boris Result: Destroyed by Architect with Modified Sigix Sheargun Performance ------------- Evolutions (9) 4500 Regions Visited (38) 7600 Robots Destroyed (505) 2525 Value Destroyed (30560) 30560 Prototype IDs (314) 6280 Alien Tech Used (10) 2000 Bonus (38224) 38224 TOTAL SCORE: 91689 Bonus ------- High Alert Combat Kills 5588 Follower Combat Kills 7551 Entered Garrisons 1800 Used RIF Installer 5500 Aligned with FarCom 300 Met Data Miner 300 Used Data Conduit 3000 Scanned by Researcher 1000 Pursued by Intercept 1500 Destroyed MAIN.C Guards 500 Met MAIN.C 5000 Destroyed MAIN.C Shell 5000 Destroyed MAIN.C 10000 Met Architect 300 Destroyed A8 300 Friendly Fire -9415 Cogmind --------- Core Integrity 0/1600 Matter 139/300 Energy 171/350 System Corruption 4% Temperature Cool (0) Movement Walking (190) Ox1 Location -1/Access_0 Parts ------- > --- POWER (3) -------- (None) > --- PROPULSION (5) --- Centrium Leg > --- UTILITY (13) ----- High-capacity Storage Unit Spectral Analyzer Experimental Targeting Computer Experimental Core Analyzer > --- WEAPON (4) ------- Multirail > --- INVENTORY (22) --- Experimental Coolant Injector Experimental Reaction Control System Experimental EM Disruption Field Sigix Sheargun Peak State ------------ > --- POWER ------------ Zero-point Reactor Vortex Chain Reactor > --- PROPULSION ------- Enhanced Biometal Leg Centrium Leg High-density Centrium Leg High-density Centrium Leg High-density Centrium Leg > --- UTILITY ---------- High-capacity Storage Unit Advanced Quantum Shading Machine Spectral Analyzer Experimental Targeting Computer Experimental Targeting Computer Experimental Core Analyzer Advanced Kinecellerator Experimental Reaction Control System Advanced Phase Shifter SHELL Armor AEGIS Remote Shield > --- WEAPON ----------- Omega Cannon Sigix Broadsword > --- INVENTORY -------- Zero-point Reactor Enhanced Biometal Leg High-density Centrium Leg Experimental Cooling System Experimental Coolant Injector Experimental Energy Well Experimental Energy Well Experimental Matter Compressor Experimental Matter Compressor Advanced Particle Accelerator Experimental EM Disruption Field Long-range Tractor Beam Transdimensional Reconstructor Heavy Quantum Rifle Sigix Sheargun Core Cannon Linked Autogun Multirail Multirail [Rating: 263] Favorites ----------- Power Improved Quantum Reactor Engine Improved Deuterium Engine Power Core Neutrino Core Reactor Improved Quantum Reactor Propulsion Enhanced Biometal Leg Treads Light Treads Leg Enhanced Biometal Leg Utility High-capacity Storage Unit Device Tactical Coordination Suite Storage High-capacity Storage Unit Processor Experimental Core Analyzer Hackware Relay Coupler [Proto] Protection SHELL Armor Weapon Helical Railgun Energy Gun Heavy Quantum Rifle Energy Cannon Compact HERF Cannon Ballistic Gun Helical Railgun Ballistic Cannon Omega Cannon Launcher Rocket Launcher Special Weapon Improved Remote Datajack Slashing Weapon Sigix Broadsword Special Melee Weapon Datajack Build | -11 -10 -10 -10 -9 -8 -8 -8 -8 -7 -7 -7 -7 -6 -6 -6 -6 -6 -5 -5 -5 -5 -5 -5 -4 -4 -4 -4 -4 -4 -3 -3 -3 -2 -2 -2 -1 -1 -1 ------- Run | Yrd Mat Min Exi Min Mat Gar Mat Gar Fac Low Low Dat Pro Fac Gar Fac Gar Fac Was Fac Gar Fac Gar Fac Was Fac Gar Fac Gar Res Tes Gar Res Qua Sec Acc Com Ac0 Slots Evolved 18 | . . . . . 4 . . . 2 . . . . 2 . . . 2 . . . . . 2 . . . . . 2 . . 2 . . 2 . . Power 2 | . . . . . . . . . . . . . . 1 . . . . . . . . . . . . . . . . . . . . . 1 . . Propulsion 3 | . . . . . 1 . . . 1 . . . . . . . . . . . . . . . . . . . . 1 . . . . . . . . Utility 11 | . . . . . 1 . . . 1 . . . . 1 . . . 2 . . . . . 2 . . . . . 1 . . 2 . . 1 . . Weapon 2 | . . . . . 2 . . . . . . . . . . . . . . . . . . . . . . . . . . . . . . . . . Parts Attached 830 | 6 11 1 1 7 4 45 9 35 28 4 11 10 4 10 42 2 17 13 4 6 33 13 41 14 4 7 48 5 34 5 55 31 22 40 104 13 72 19 Power 61 | 1 2 . . 1 . 3 . 2 2 . . 1 . 1 5 . 3 . . . 1 1 2 3 . . 6 . 2 . 4 . . 4 7 1 7 2 Engine 14 | 1 2 . . 1 . 3 . 1 1 . . 1 . . 1 . 1 . . . 1 . . . . . . . . . . . . . 1 . . . Core 12 | . . . . . . . . 1 1 . . . . 1 1 . . . . . . 1 2 2 . . . . . . 1 . . 1 1 . . . Reactor 35 | . . . . . . . . . . . . . . . 3 . 2 . . . . . . 1 . . 6 . 2 . 3 . . 3 5 1 7 2 Propulsion 66 | 2 1 . . . 1 7 . 4 3 . 1 1 2 1 4 . 3 . . . 2 . 3 . . . 3 . 5 . 3 1 2 3 8 . 4 2 Treads 20 | 2 1 . . . 1 7 . 4 3 . . . . 1 . . . . . . . . . . . . . . . . . . . . . . 1 . Leg 46 | . . . . . . . . . . . 1 1 2 . 4 . 3 . . . 2 . 3 . . . 3 . 5 . 3 1 2 3 8 . 3 2 Wheel . | . . . . . . . . . . . . . . . . . . . . . . . . . . . . . . . . . . . . . . . Hover . | . . . . . . . . . . . . . . . . . . . . . . . . . . . . . . . . . . . . . . . Flight . | . . . . . . . . . . . . . . . . . . . . . . . . . . . . . . . . . . . . . . . Utility 271 | 1 2 1 . 3 1 9 5 10 10 2 6 2 2 2 10 1 5 6 4 1 8 5 9 2 3 3 13 . 5 3 14 11 10 17 38 7 35 5 Device 179 | . 1 1 . 3 . 4 2 . 5 2 3 . 1 . 4 . 2 5 3 1 4 5 5 2 3 2 6 . 5 2 11 7 8 13 29 6 30 4 Storage 3 | 1 1 . . . . . . . . . . . . . . . . . . . . . . . . . . . . . 1 . . . . . . . Processor 22 | . . . . . . . . . 1 . . . 1 . 4 1 3 . 1 . . . . . . . . . . . . . 1 . 6 1 3 . Hackware 54 | . . . . . 1 2 3 9 4 . . 1 . 2 2 . . 1 . . 4 . 4 . . 1 7 . . 1 2 4 1 4 1 . . . Protection 13 | . . . . . . 3 . 1 . . 3 1 . . . . . . . . . . . . . . . . . . . . . . 2 . 2 1 Artifact . | . . . . . . . . . . . . . . . . . . . . . . . . . . . . . . . . . . . . . . . Weapon 432 | 2 6 . 1 3 2 26 4 19 13 2 4 6 . 6 23 1 6 7 . 5 22 7 27 9 1 4 26 5 22 2 34 19 10 16 51 5 26 10 Energy Gun 38 | 1 2 . . . . 5 . 3 . . . . . . . . . . . . . . . . . . . . . . 1 4 3 . 10 1 6 2 Energy Cannon 52 | . . . . 1 . 1 . 2 2 . . 2 . . 1 . . . . 1 . 1 2 . . 1 2 . 1 1 6 2 1 8 10 1 4 2 Ballistic Gun 175 | 1 3 . . 2 2 14 1 2 8 1 2 2 . 2 12 1 4 4 . 2 8 2 16 6 . . 16 3 14 . 15 2 . . 13 2 11 4 Ballistic Cannon 4 | . . . . . . . . . 1 . . . . . . . . . . . . . . . . . . . . . . . . . . . 1 2 Launcher 19 | . . . . . . 2 . . . 1 . . . 2 3 . 1 . . . . . . . . . . . . . 1 1 3 . 4 . 1 . Special Weapon 87 | . . . . . . . 2 7 2 . . 1 . 1 2 . . 1 . . 10 2 7 1 1 1 6 2 4 1 11 10 3 7 5 . . . Impact Weapon . | . . . . . . . . . . . . . . . . . . . . . . . . . . . . . . . . . . . . . . . Slashing Weapon 53 | . . . . . . 2 1 5 . . 2 1 . 1 5 . 1 2 . 2 4 2 2 2 . 2 2 . 3 . . . . 1 9 1 3 . Piercing Weapon . | . . . . . . . . . . . . . . . . . . . . . . . . . . . . . . . . . . . . . . . Special Melee Weapon 4 | . 1 . 1 . . 2 . . . . . . . . . . . . . . . . . . . . . . . . . . . . . . . . Unidentified Prototypes 19 | . . . . . . . . . . . . . . . . . . . . . . . . . . . . . . 1 5 1 . 3 6 1 2 . Corrupted Parts 10 | . . . . 1 . . . 1 . . . 1 3 . 1 . . . . . . . . . . . . . . . 1 1 1 . . . . . System Corruption 48 | . . . . 1 . . . 10 . . . 13 17 . 1 . . . . . . . . . . . . . . . 2 1 3 . . . . . Parts Lost 73 | . . . . 1 . 2 . 1 1 . . . 1 . 1 . 3 . . 1 2 . 6 . . . 5 . 6 . 1 1 2 1 11 . 5 22 Power 15 | . . . . . . . . 1 . . . . . . 1 . 2 . . . . . 2 . . . 1 . 1 . . . . . 3 . . 4 Propulsion 12 | . . . . . . 1 . . . . . . 1 . . . . . . . 1 . 1 . . . . . 3 . . . . . . . . 5 Utility 29 | . . . . . . . . . 1 . . . . . . . 1 . . . 1 . 1 . . . 3 . . . 1 . 2 1 6 . 4 8 Weapon 17 | . . . . 1 . 1 . . . . . . . . . . . . . 1 . . 2 . . . 1 . 2 . . 1 . . 2 . 1 5 Highest Loss Streak 16 | . . . . 1 . 1 . 1 1 . . . 1 . 1 . 1 . . 1 2 . 2 . . . 5 . 3 . 1 1 1 1 4 . 3 16 To Critical Strikes 10 | . . . . 1 . . . . . . . . . . . . . . . 1 1 . . . . . . . 3 . . . . . 1 . . 3 Average Slot Usage (%) 95 | . 97 100 100 100 99 98 87 97 98 100 98 100 99 95 99 100 99 96 100 100 98 99 98 93 100 100 95 100 98 94 99 99 96 94 87 87 80 75 Engine 3 | . 14 14 14 14 9 9 9 2 6 7 7 7 7 6 2 . . . . . 4 2 . . . . . . . . . . . . . . . . Core 1 | . . . . . . . . 5 . . . . . 3 5 . . . . . . 2 9 8 10 10 4 . . . 2 . . . . . . . Reactor 4 | . . . . . . . . . . . . . . . 4 13 12 11 11 11 5 5 . . . . 4 10 9 9 6 9 8 7 5 11 11 7 Treads 9 | . 28 28 28 28 27 26 18 25 29 30 28 23 20 6 . . . . . . . . . . . . . . . . . . . . . . . . Leg 14 | . . . . . . . . . . . . 7 9 20 25 26 26 23 23 23 22 23 22 21 21 21 20 21 20 19 22 23 21 21 21 20 19 19 Device 7 | . 12 14 14 14 9 4 7 . 1 2 3 . 1 1 2 . . 5 5 5 2 5 5 4 10 8 7 . 8 9 9 9 14 15 6 10 16 16 Storage 6 | . 14 14 14 14 9 9 9 9 7 7 7 7 7 6 6 6 6 5 5 5 5 5 5 5 5 5 5 5 5 4 4 4 4 4 4 4 4 4 Processor 11 | . . . . . . . . . 1 7 7 7 9 13 17 26 25 23 28 29 27 23 17 15 15 15 15 15 15 14 11 9 6 6 12 19 15 14 Hackware 10 | . . . . . 8 11 7 16 19 12 7 7 5 10 5 . . 2 . . 2 5 10 15 15 16 16 26 16 18 20 23 21 23 21 6 . . Energy Gun 1 | . 4 . . . . 2 20 6 . . . . . . . . . . . . . . . . . . . . . . . 4 7 . 1 3 1 1 Energy Cannon 1 | . . . . . . . . 4 1 . . 2 . . . . . . . . . 2 1 . . . . 2 . . 3 8 5 7 4 . . . Ballistic Gun 16 | . 22 28 14 28 36 28 6 17 22 29 28 24 30 14 22 24 25 19 23 21 18 15 17 17 17 14 14 10 15 14 13 . . . 1 6 1 1 Special Weapon 1 | . . . . . . . 3 3 2 . . . . 2 1 1 . . . . 3 1 1 . 3 2 2 7 2 2 1 1 1 . . . . . Slashing Weapon 1 | . . . . . . 1 5 3 . . . 2 . 5 1 . . 1 . . . 2 . 2 . 2 . . . . . . . 3 3 3 3 2 Naked Turns . | . . . . . . . . . . . . . . . . . . . . . . . . . . . . . . . . . . . . . . . Heaviest Build 187 | 12 50 50 50 50 54 76 61 73 73 64 65 75 70 74 98 98 104 106 106 104 103 101 105 88 79 81 107 107 120 96 106 115 117 114 138 145 187 182 Greatest Support 181 | 20 40 40 40 40 60 67 47 67 98 98 98 71 84 84 118 118 120 120 120 120 120 105 110 108 108 108 115 115 115 105 130 135 138 150 154 154 181 181 Greatest Overweight (x) 34 | 3 1 1 1 1 . 1 1 1 . . . 1 1 . . . . . 34 . 1 . . . . . 1 . 1 . . . . . . . 2 1 Average Overweight (x) . | 2 . 1 1 1 . . 1 . . . . . . . . . . . 3 . . . . . . . . . . . . . . . . . . . Largest Inventory Capacity 22 | 8 20 20 20 20 20 20 20 20 20 20 20 20 20 20 20 20 20 20 20 20 20 20 20 20 20 20 20 20 20 20 20 20 20 20 22 22 22 22 Average Capacity 19 | 7 15 20 20 20 20 20 20 20 20 20 20 20 20 20 20 20 20 20 20 20 20 20 20 20 20 20 20 20 20 20 20 20 20 20 20 22 22 22 Most Carried 22 | 3 20 20 20 20 20 20 20 20 20 20 20 20 20 20 20 20 20 20 20 20 20 20 20 20 20 20 20 20 20 20 20 20 20 20 22 22 22 22 Average Carried 19 | 1 12 20 19 19 18 19 18 19 19 19 19 19 19 19 19 20 19 19 20 19 19 19 19 19 19 19 19 20 19 19 19 19 19 19 20 21 20 18 Final Capacity 22 | 8 20 20 20 20 20 20 20 20 20 20 20 20 20 20 20 20 20 20 20 20 20 20 20 20 20 20 20 20 20 20 20 20 20 20 22 22 22 22 Final Carried 22 | 3 20 20 20 20 20 20 20 20 20 20 20 20 20 20 20 20 19 20 20 20 20 20 20 20 20 20 20 20 20 20 19 20 20 20 22 21 22 4 Class Distribution -------------------- 26% | Scavenger-Gunner 15% | Botlord-Gunner 15% | Scavenger-Mutant 13% | Bothacker-Gunner 8% | Mutant 7% | Bothacker-Skirmisher 7% | Botlord-Mutant 4% | Scavenger-Skirmisher Dominant Class ---------------- Mutant | -10/Materials Mutant | -10/Mines Scavenger-Mutant | -10/Exiles Mutant | -9/Mines Scavenger-Skirmisher | -8/Materials Scavenger-Skirmisher | -8/Garrison Bothacker-Skirmisher | -8/Materials Bothacker-Skirmisher | -8/Garrison Bothacker-Gunner | -7/Factory Bothacker-Gunner | -7/Lower Caves Bothacker-Gunner | -7/Lower Caves Bothacker-Gunner | -7/Data Miner Bothacker-Gunner | -6/Proximity Caves Scavenger-Gunner | -6/Factory Scavenger-Gunner | -6/Garrison Scavenger-Gunner | -6/Factory Scavenger-Gunner | -6/Garrison Scavenger-Gunner | -5/Factory Scavenger-Gunner | -5/Waste Scavenger-Gunner | -5/Factory Scavenger-Gunner | -5/Garrison Scavenger-Gunner | -5/Factory Botlord-Gunner | -5/Garrison Botlord-Gunner | -4/Factory Botlord-Gunner | -4/Waste Botlord-Gunner | -4/Factory Scavenger-Gunner | -4/Garrison Botlord-Gunner | -4/Factory Scavenger-Gunner | -4/Garrison Botlord-Gunner | -3/Research Botlord-Gunner | -3/Testing Botlord-Gunner | -3/Garrison Botlord-Gunner | -2/Research Botlord-Mutant | -2/Quarantine Botlord-Mutant | -2/Section 7 Scavenger-Mutant | -1/Access Scavenger-Mutant | -1/Command Scavenger-Mutant | -1/Access_0 Resources | -11 -10 -10 -10 -9 -8 -8 -8 -8 -7 -7 -7 -7 -6 -6 -6 -6 -6 -5 -5 -5 -5 -5 -5 -4 -4 -4 -4 -4 -4 -3 -3 -3 -2 -2 -2 -1 -1 -1 ----------- Run | Yrd Mat Min Exi Min Mat Gar Mat Gar Fac Low Low Dat Pro Fac Gar Fac Gar Fac Was Fac Gar Fac Gar Fac Was Fac Gar Fac Gar Res Tes Gar Res Qua Sec Acc Com Ac0 Matter Collected 26455 | 268 370 25 163 73 110 1217 160 832 602 232 174 238 170 104 1636 246 1629 418 370 243 1118 307 1325 258 432 136 1288 170 1387 168 1549 582 389 1239 1366 152 2731 2578 Remotely 4054 | . . . . . . . . . 126 . . . . . . . . 156 180 . . 269 377 . . . . . 229 84 263 95 . . 115 . 2160 . Salvage Created 32965 | 20 907 . . 145 124 1504 172 472 387 141 86 449 153 59 1421 396 2542 587 1542 496 2125 539 1752 121 1540 145 1237 . 1411 38 1602 558 677 1721 3946 649 2537 764 Parts 1503 | 5 56 . . 10 6 76 6 13 15 6 6 19 8 7 90 26 124 35 43 29 96 33 101 7 22 5 75 . 66 1 68 31 25 71 168 24 100 30 Haulers Intercepted 7 | . 2 . . . . . . . . . . . . . . . . 2 . 1 . 1 . . . . . . . . . . . . . 1 . . Recyclers Shooed 4 | . 1 . . . . . . . 1 . . . . . . 1 . . . . . . . . . . . . . . . . . 1 . . . . Parts Field Recycled . | . . . . . . . . . . . . . . . . . . . . . . . . . . . . . . . . . . . . . . . Retrieved Matter . | . . . . . . . . . . . . . . . . . . . . . . . . . . . . . . . . . . . . . . . Parts Self-Destructed 22 | . . . . . . . . . . 5 11 . 6 . . . . . . . . . . . . . . . . . . . . . . . . . Prevented . | . . . . . . . . . . . . . . . . . . . . . . . . . . . . . . . . . . . . . . . Kills | -11 -10 -10 -10 -9 -8 -8 -8 -8 -7 -7 -7 -7 -6 -6 -6 -6 -6 -5 -5 -5 -5 -5 -5 -4 -4 -4 -4 -4 -4 -3 -3 -3 -2 -2 -2 -1 -1 -1 ------- Run | Yrd Mat Min Exi Min Mat Gar Mat Gar Fac Low Low Dat Pro Fac Gar Fac Gar Fac Was Fac Gar Fac Gar Fac Was Fac Gar Fac Gar Res Tes Gar Res Qua Sec Acc Com Ac0 Combat Hostiles Destroyed 422 | . 16 . . 5 1 32 4 11 4 12 2 4 2 3 26 5 40 5 5 5 25 4 31 3 5 2 26 . 18 1 15 10 14 12 43 5 14 12 Melee 25 | . . . . . . 2 . 2 . . . . . . . . . . . . . . . . . 1 . . . . . . . 3 17 . . . Guns 293 | . 15 . . 1 1 30 4 6 3 6 2 . 2 . 21 5 37 5 5 4 25 4 31 3 5 . 26 . 17 1 6 . 3 . 7 5 10 3 Cannons 39 | . . . . . . . . . 1 . . . . . . . . . . . . . . . . 1 . . 1 . 3 5 3 7 7 . 2 9 AOE 50 | . . . . 4 . . . 2 . 6 . . . 3 5 . 3 . . 1 . . . . . . . . . . 3 5 8 . 8 . 2 . Classes Destroyed 28 | 1 7 . . . 2 2 . . . 2 . . 1 . 4 . 2 . 1 . . 1 . . . . . . . . 1 . . 2 2 . . . Worker 10 | . 1 . . . . . . . 1 . . . . . . . . 1 . . . . . . . . . . . . . . 1 . 2 . 4 . Builder 11 | . . . . . 1 . . . . . . . . 1 . 2 . . . 2 . 1 . . . . . . . . 1 . . 1 2 . . . Tunneler 3 | 2 1 . . . . . . . . . . . . . . . . . . . . . . . . . . . . . . . . . . . . . Hauler 7 | . 2 . . . . . . . . . . . . . . . . 2 . 1 . 1 . . . . . . . . . . . . . 1 . . Recycler 6 | . 1 . . . 1 . . . 2 . . . . . . . . . . . . . . . . . . . . . . . . . . 1 1 . Mechanic 2 | . . . . . . . . . . . . . . . . . . . . . . 1 . . . . . . . . . . . . 1 . . . Operator 7 | . 2 . . . . . . . 1 . . . . . . . . 1 . . . . . . . . . . . . 1 . . 1 1 . . . Watcher 12 | . 2 . . . . . . . . . . . . . . . 1 . . . . 2 . 1 . . 1 . . . 1 . 1 . 2 . 1 . Swarmer 78 | . 3 . . 3 . 2 1 3 . 2 1 . . 3 9 . 3 . . . 6 . 10 3 . . 13 . 3 1 . 5 4 . 3 . . . Cutter 8 | . . . . . . . . . . . . . . . . . 4 . . . . . 3 . . . 1 . . . . . . . . . . . Grunt 129 | . 13 . . 2 . 13 3 7 1 1 . . . . 9 3 23 2 . 3 8 4 4 . . . 9 . 5 . 5 . 3 . 8 2 1 . Brawler 13 | . . . . . . . . . . . . . . . 1 . 4 . . . 6 . . . . . . . . . . . 2 . . . . . Duelist 6 | . . . . . . . . . . . . . . . . . 3 . . . 2 . . . . . . . . . . . . . 1 . . . Protector 1 | . . . . . . . . . . . . . . . . . . . . . . . . . . . . . . . . . . . 1 . . . Researcher 17 | . . . . . . . . . . . . . . . . . . . . . . . . . . . . . . . 4 . . 5 8 . . . Sentry 42 | . . . . . 1 6 . 1 1 . 1 . 1 . 3 2 1 . . 1 4 . 9 . . 2 2 . 3 . . 1 . . 3 . . . Demolisher 1 | . . . . . . . . . . . . . . . . . . . . . . . . . . . . . . . . . . . 1 . . . Specialist 1 | . . . . . . . . . . . . . . . 1 . . . . . . . . . . . . . . . . . . . . . . . Hunter 58 | . . . . . . 6 . . . . . . . . . . . 2 . 1 2 . 4 . . . . . 7 . 12 1 3 7 10 1 2 . Programmer 36 | . . . . . . 5 . . 2 . . . . . 1 . . . . . . 2 1 . . . 1 . 3 . 1 2 2 3 7 2 4 . Heavy 2 | . . . . . . . . . . . . . . . 1 . . . . . . . . . . . . . . . . . . . 1 . . . Behemoth 7 | . . . . . . . . . . . . . 1 . . . . . . . 1 . 1 . . . . . . . . 2 . . 1 . 1 . Compactor 10 | . . . . . . . . . . . . . . . . . . . 5 . . . . . 5 . . . . . . . . . . . . . M Guard 2 | . . . . . . . . . . . . . . . . . . . . . . . . . . . . . . . . . . . . . 2 . Enhanced Grunt 11 | . . . . . . . . . . . . 4 . . . . . . . . . . . . . . . . . . . . . . . . . 7 Enhanced Hunter 2 | . . . . . . . . . . . . . . . . . . . . . . . . . . . . . . . . . . . . . . 2 Enhanced Programmer 2 | . . . . . . . . . . . . . . . . . . . . . . . . . . . . . . . . . . . . . . 2 Tracker 4 | . . . . . . . . . . . . . . . . . . . . . . . . . . . . . . . . . . 1 3 . . . Combat Programmer 5 | . . . . . . . . . . . . . . . . . . . . . . . . . . . . . . . . . . . 3 . 2 . Executioner 6 | . . . . . . . . . . . . . . . 2 . 2 . . . . . . . . . . . . . . . . . 2 . . . Alpha 7 2 | . . . . . . . . . . . . . . . . . . . . . . . . . . . . . . . . . . 1 1 . . . Fortress 1 | . . . . . . . . . . . . . . . . . . . . . . . . . . . . . . . . . . 1 . . . . Master Thief 1 | . . . . . . . . . . 1 . . . . . . . . . . . . . . . . . . . . . . . . . . . . Assembled 9 | . . . . . . . . . . 9 . . . . . . . . . . . . . . . . . . . . . . . . . . . . Thug 1 | . . . . . . . . . . . . . . . . . . 1 . . . . . . . . . . . . . . . . . . . . Best Kill Streak 14 | 1 3 . . 5 2 4 3 3 2 11 1 4 1 3 11 3 14 4 4 3 5 3 8 3 4 1 9 . 4 1 6 5 11 4 8 4 4 2 Combat Bots Only 13 | . 3 . . 5 1 4 3 3 1 11 1 4 1 3 11 3 13 2 4 3 5 2 8 3 4 1 9 . 4 1 3 5 9 3 4 2 4 2 Max Kills in Single Turn 5 | 1 2 . . 4 1 2 2 2 1 3 1 1 1 3 3 1 4 1 1 2 3 2 3 2 2 1 2 . 3 1 3 5 3 1 4 2 2 1 Gunslinging 1 | . 1 . . . . 1 1 . . 1 . . . . 1 . 1 . . . 1 . 1 . 1 . 1 . 1 . . . . . . . . . Exploded 5 | . . . . 4 . . . 2 . 3 . . . 3 2 . 3 . . 1 . . . . . . . . . . 3 5 3 . 3 . 2 . Melee 1 | . . . . . . 1 . 1 . . . . . . . . . . . . . . . . . 1 . . . . . . . 1 1 . . . Uniques/NPCs Destroyed 4 | . . . . . . . . . . . . 1 . . . . . . . . . . . . . . . . . . . . . . . . 2 1 Data Miner (-7/Data Miner) MAIN.C Shell (-1/Command) MAIN.C (-1/Command) A8 (-1/Access_0) Combat | -11 -10 -10 -10 -9 -8 -8 -8 -8 -7 -7 -7 -7 -6 -6 -6 -6 -6 -5 -5 -5 -5 -5 -5 -4 -4 -4 -4 -4 -4 -3 -3 -3 -2 -2 -2 -1 -1 -1 -------- Run | Yrd Mat Min Exi Min Mat Gar Mat Gar Fac Low Low Dat Pro Fac Gar Fac Gar Fac Was Fac Gar Fac Gar Fac Was Fac Gar Fac Gar Res Tes Gar Res Qua Sec Acc Com Ac0 Hostile Shots Fired 2668 | . 65 . . 26 4 134 17 55 21 6 15 14 36 5 61 15 87 20 . 18 44 4 133 4 . 6 83 . 155 6 104 33 38 114 514 23 280 528 Missed 881 | . 18 . . 6 2 43 3 18 7 1 1 6 8 1 21 6 24 11 . 5 15 1 35 1 . 3 25 . 53 1 42 16 16 54 145 8 96 189 Damage Taken 34951 | . 575 . . 192 26 1444 214 568 172 87 64 365 627 62 717 121 1270 92 . 257 610 56 1534 47 . 74 1173 276 1674 110 1079 244 517 1269 6555 233 3966 8681 Core 3616 | . 104 . . 41 . 183 33 116 6 14 5 43 37 . 118 18 243 20 . 20 22 . 117 . . 23 137 144 155 . 126 57 72 111 264 46 108 1233 Absorbed by Shields 4235 | . . . . . . . . . . . . . . . . . . . . . . . . . . . . . 200 . . 119 102 . 50 . 653 3111 Reduced by Siege Mode 59 | . . . . . . . . . . . . . . . . . . . . . . . . . . . . . . . . . . . . . 59 . Ignored by Resistances 2750 | . . . . . . . . . . . . . . . . . . . . . . . . . . . . . . . . . . . 1012 141 1381 216 Regen/Repaired (Parts) 10399 | . . . . . . . . . 61 . . . . 148 . . . 152 . . . 169 . 453 . . . . . . 312 . . 737 4889 95 2375 1008 Core Remaining (%) 65 | 100 . . . 42 . . . 39 . . . . 85 . . . 55 . . . . . 82 . . . . . 60 . . 85 . . 44 . . . Volleys Fired 1388 | 4 68 . . 4 5 60 23 68 34 13 12 4 15 2 55 8 67 14 17 23 62 26 76 13 15 6 49 9 71 17 93 54 31 63 109 13 84 101 Largest 4 | 2 2 . . 2 4 4 3 4 4 4 4 1 4 1 4 4 4 4 4 4 4 4 4 3 4 4 4 4 4 3 4 4 4 4 3 4 4 3 Hottest 348 | 60 90 . . 60 80 135 150 177 169 100 100 69 100 39 152 152 152 152 152 152 152 147 152 106 152 154 152 130 135 90 205 252 308 348 330 290 300 300 Shots Fired 3085 | 8 131 . . 7 20 209 30 105 81 43 44 4 45 2 171 32 244 51 68 52 152 50 203 21 45 13 141 13 160 29 162 74 45 72 150 38 235 135 Gun 2443 | 8 131 . . 6 20 202 13 56 54 40 44 . 45 . 161 32 243 50 68 50 133 39 177 13 42 7 134 2 138 18 106 18 15 1 63 38 227 49 Cannon 401 | . . . . 1 . . . 10 14 . . 4 . . 3 . . . . 2 . 9 17 . . 3 5 5 9 3 38 44 15 59 67 . 7 86 Launcher 37 | . . . . . . 7 . . . 3 . . . 1 3 . 1 . . . . . . . . . . . . . 2 1 8 . 10 . 1 . Special 204 | . . . . . . . 17 39 13 . . . . 1 4 . . 1 . . 19 2 9 8 3 3 2 6 13 8 16 11 7 12 10 . . . Kinetic 2256 | 4 82 . . 6 20 189 3 39 59 40 44 . 45 . 161 32 243 50 68 50 133 39 177 13 42 7 134 2 138 18 105 6 . . 39 16 144 108 Thermal 329 | . 49 . . . . 13 . 16 9 . . . . . 3 . . . . 2 5 9 17 . . 3 5 7 9 3 6 32 20 43 56 . 5 17 Explosive 37 | . . . . . . 7 . . . 3 . . . 1 3 . 1 . . . . . . . . . . . . . 2 1 8 . 10 . 1 . Electromagnetic 133 | 4 . . . 1 . . 10 11 . . . 4 . . . . . . . . . . . . . . . . . . 33 24 10 17 17 . 2 . Slashing 133 | . . . . . . . . . . . . . . . . . . . . . . . . . . . . . . . . . . . 18 22 83 10 Robot Hit Streak 57 | 2 10 . . 12 3 10 5 19 12 5 5 3 15 16 21 21 12 4 12 7 18 12 12 8 12 6 12 6 14 12 17 17 20 18 20 19 57 13 Robot Miss Streak 6 | 1 3 . . 1 5 4 2 2 3 3 4 1 1 . 2 3 6 2 2 5 4 3 2 1 4 3 5 . 3 1 4 2 1 2 2 2 3 6 Penetration Max 2 | . . . . . . 1 . . . . . . . . . . 2 . 1 1 2 1 2 . 1 . 1 . 2 . 2 . . . 1 1 1 1 Secondary Targets 75 | . 1 . . 1 . 9 1 . . 2 . . . . 4 1 14 . 2 . 7 . 9 . 2 . 5 . 6 1 1 . . . 2 2 4 1 Max Gunslinging Chain 2 | . 1 . . 1 . 1 1 . . 1 . . . . 1 1 2 . 1 . 1 . 1 . 1 . 1 . 1 1 1 . . . 1 1 1 1 Shots Hit Robots 2066 | 5 93 . 4 6 7 143 22 73 50 21 22 4 34 2 106 18 111 21 53 14 103 24 118 14 31 9 68 4 107 24 100 32 30 71 169 30 217 106 Core Hits 1174 | 2 42 1 . 14 5 68 6 16 16 28 10 18 8 4 54 11 73 11 16 14 59 15 60 5 15 3 44 . 64 3 53 22 23 29 110 25 172 55 Critical Kills 32 | . 2 . . . . 1 . . . . . . . . . 1 3 2 . . 3 1 4 . . . 6 . 2 . 1 . . 1 3 . 2 . Critical Parts Destroyed 45 | . 1 . . . . 1 . 1 . . . . . . . 1 2 1 . . 3 1 2 . 1 . 2 . 4 . 1 . . . 6 1 15 2 Critical Strikes 121 | . 6 . . . . 4 . 1 2 . . . . . 1 2 5 3 1 . 7 2 6 . 1 . 8 . 6 . 3 . 1 3 19 4 27 9 Burn 5 | . 3 . . . . 1 . . . . . . . . . . . . . . . . . . . . . . . . . . 1 . . . . . Meltdown 4 | . . . . . . . . . . . . . . . . . . . . . . . . . . . . . . . . . . 1 3 . . . Destroy 83 | . 3 . . . . 2 . 1 . . . . . . 1 2 5 3 1 . 6 2 6 . 1 . 8 . 6 . 2 . . . 6 1 25 2 Blast 9 | . . . . . . . . . 2 . . . . . . . . . . . . . . . . . . . . . . . . . . . . 7 Corrupt 3 | . . . . . . . . . . . . . . . . . . . . . . . . . . . . . . . 1 . . 1 1 . . . Sever 17 | . . . . . . 1 . . . . . . . . . . . . . . 1 . . . . . . . . . . . . 1 9 3 2 . Melee Attacks 287 | . . . 4 . . 8 2 6 . . 1 4 . 5 30 . 1 6 . 2 5 7 2 3 . 5 6 . 14 . . . . 36 107 8 24 1 Impact . | . . . . . . . . . . . . . . . . . . . . . . . . . . . . . . . . . . . . . . . Slashing 279 | . . . . . . 4 2 6 . . 1 4 . 5 30 . 1 6 . 2 5 7 2 3 . 5 6 . 14 . . . . 36 107 8 24 1 Piercing . | . . . . . . . . . . . . . . . . . . . . . . . . . . . . . . . . . . . . . . . Sneak Attacks 45 | . . . 4 . . 3 2 2 . . . 1 . 1 . . . . . . . . . . . 3 . . . . . . . 20 9 . . . Combat Hostiles 11 | . . . . . . 3 2 2 . . . . . . . . . . . . . . . . . 3 . . . . . . . 1 . . . . Follow-up Attacks . | . . . . . . . . . . . . . . . . . . . . . . . . . . . . . . . . . . . . . . . Damage Inflicted 86189 | 139 1209 14 . 321 120 2869 299 1256 811 812 453 614 653 276 3135 524 4666 859 2146 839 3295 998 3804 232 993 515 1869 . 2811 300 4649 2391 2938 5856 14292 1178 9628 8425 Guns 47657 | 70 1194 . . 67 120 2568 167 717 592 380 453 . 653 . 2497 509 4311 859 2146 691 3211 914 3761 232 993 185 1869 . 2499 300 2771 289 470 31 1880 1178 7496 1584 Cannons 15456 | . . . . 7 . . . 61 211 . . 29 . . . . . . . . . 35 43 . . 41 . . 312 . 1129 977 432 1879 2632 . 827 6841 Explosions 9825 | 69 . . . 247 . 90 . 308 . 432 . 526 . 185 565 . 355 . . 116 . . . . . . . . . . 729 1125 1979 . 2914 . 185 . Melee 12969 | . . . . . . 211 132 170 . . . 59 . 91 73 . . . . . . 49 . . . 289 . . . . . . . 3935 6866 . 1094 . Ramming 198 | . 15 14 . . . . . . 8 . . . . . . 15 . . . 32 . . . . . . . . . . 20 . 57 11 . . 26 . Kinetic 48656 | 27 719 . . 67 120 2449 40 551 717 380 453 . 653 . 2497 509 4311 859 2146 691 3211 914 3761 232 993 185 1869 . 2499 300 2720 153 . . 1296 580 5314 7440 Thermal 7978 | 69 475 . . . . 119 . 83 86 . . . . . . . . . . 19 84 35 43 . . 41 . . 312 . 102 595 595 1565 2270 . 825 660 Explosive 8585 | . . . . . . 90 . . . 432 . . . 185 565 . 355 . . 97 . . . . . . . . . . 729 1125 1979 . 2914 . 114 . Electromagnetic 4269 | 43 . . . 254 . . 127 452 . . . 555 . . . . . . . . . . . . . . . . . . 1078 518 307 345 517 . 73 . Impact . | . . . . . . . . . . . . . . . . . . . . . . . . . . . . . . . . . . . . . . . Slashing 16503 | . . . . . . 211 132 170 . . . 59 . 91 73 . . . . . . 49 . . . 289 . . . . . . . 3935 7295 598 3276 325 Piercing . | . . . . . . . . . . . . . . . . . . . . . . . . . . . . . . . . . . . . . . . Highest Corruption 39 | . . . . 2 . 3 3 16 3 . . 22 39 . 1 1 1 . . . . . . . 8 8 8 9 11 . 3 4 3 3 10 3 14 4 Average Corruption 6 | . . . . 1 . 2 3 13 1 . . 14 24 . 1 1 1 . . . . . . . 3 8 8 8 9 . 2 3 3 2 4 3 11 3 Corruption Purged 20 | . . . . . . . . . 3 . . . . . . . . . . . . . . . . . . . . . . . . 3 . . 14 . Corruption Blocked 128 | . . . . . . . . . . . . . . . . . . . . . . . . . . . . . . . 28 . . 20 80 . . . Effects 429 | . . . . 1 . 6 1 65 6 . . 10 33 . 13 4 8 . . . . . . . 2 10 37 9 55 . 7 22 6 14 51 8 54 7 Message Errors 103 | . . . . 1 . . . 18 2 . . 2 10 . 6 3 . . . . . . . . . 3 8 2 13 . . 1 2 2 13 3 12 2 Matter Fused 88 | . . . . . . . . 15 2 . . 3 6 . 2 . 5 . . . . . . . . 1 5 . 9 . 4 9 1 2 10 2 12 . Heat Flow Errors 58 | . . . . . . 2 . 10 . . . 1 5 . . . . . . . . . . . . 3 7 2 7 . . 4 1 2 7 2 5 . Energy Discharges 42 | . . . . . . . . 9 1 . . . 1 . 1 . 1 . . . . . . . 1 . 4 3 5 . . 2 . 3 5 . 6 . Parts Rejected 8 | . . . . . . . . 1 . . . . . . . . . . . . . . . . . . . . 1 . 1 . . . 3 . 2 . Parts Fused 6 | . . . . . . 1 . . . . . 1 1 . . . . . . . . . . . . . 1 . 1 . . . . 1 . . . . Data Loss (minor) 46 | . . . . . . . 1 5 1 . . . 3 . 2 1 1 . . . . . . . . 1 5 2 5 . 1 4 . 3 3 1 6 1 Data Loss (major) 28 | . . . . . . 1 . 3 . . . 3 2 . 1 . . . . . . . . . . 1 1 . 5 . . 1 1 1 5 . 3 . Misfires 21 | . . . . . . 2 . 3 . . . . 1 . 1 . 1 . . . . . . . . 1 1 . 4 . 1 1 1 . 1 . 1 2 Alerts 10 | . . . . . . . . . . . . . 2 . . . . . . . . . . . 1 . 2 . . . . . . . 3 . 2 . Misdirections 1 | . . . . . . . . . . . . . . . . . . . . . . . . . . . . . . . . . . . 1 . . . Weapon Failures 18 | . . . . . . . . 1 . . . . 2 . . . . . . . . . . . . . 3 . 5 . . . . . . . 5 2 Overload Shots 1 | . . . . . . . . . . . . . . . . . . . . . . . . . . . 1 . . . . . . . . . . . Effects 1 | . . . . . . . . . . . . . . . . . . . . . . . . . . . 1 . . . . . . . . . . . Energy Bleed 1 | . . . . . . . . . . . . . . . . . . . . . . . . . . . 1 . . . . . . . . . . . Overflow Damage 2654 | 9 . . . . . . . . . . . . . . 74 . . . . . 14 . . . . 8 . . . . 58 89 104 53 1402 . 496 347 Projectiles 465 | . . . . . . . . . . . . . . . . . . . . . 14 . . . . . . . . . . 25 . 15 64 . . 347 Explosions 406 | 9 . . . . . . . . . . . . . . 74 . . . . . . . . . . . . . . . 58 64 87 . 114 . . . Melee 1783 | . . . . . . . . . . . . . . . . . . . . . . . . . . 8 . . . . . . 17 38 1224 . 496 . Knockbacks 43 | . . . . . . . . . 1 . . . . . . . . . . . . . . . . . . . . . . . . 1 . . . 41 Impact 1 | . . . . . . . . . . . . . . . . . . . . . . . . . . . . . . . . . . 1 . . . . Kinetic 39 | . . . . . . . . . 1 . . . . . . . . . . . . . . . . . . . . . . . . . . . . 38 Secondary 3 | . . . . . . . . . . . . . . . . . . . . . . . . . . . . . . . . . . . . . . 3 Self-Inflicted Damage 255 | . . . . . . 49 . . . . . . . . 63 . 39 . . . . . . . . . . . . . 104 . . . . . . . Shots 4 | . . . . . . 1 . . . . . . . . 1 . 1 . . . . . . . . . . . . . 1 . . . . . . . Rammed 8 | . 3 4 . . . . . . 1 . . . . . . . . . . . . . . . . . . . . . . . . . . . . . Targets Rammed 19 | . 3 4 . . . . . . 2 . . . . . . 1 . . . 2 . . . . . . . . . . 2 . 1 1 . . 3 . Kicked 10 | . . . . . . . . . . . . . . . . 1 . . . 2 . . . . . . . . . . 2 . 1 1 . . 3 . Crushed 1 | . . . . . . . . . 1 . . . . . . . . . . . . . . . . . . . . . . . . . . . . . Highest Temperature 469 | 20 329 . . 20 . 281 261 311 217 220 296 202 310 . 284 156 339 172 282 96 140 131 295 63 395 243 386 166 392 108 354 299 228 176 469 244 270 138 Average Temperature 95 | 20 138 . . 6 . 68 102 92 79 89 138 66 129 . 74 54 99 55 135 39 38 55 118 33 179 110 91 54 116 40 95 81 81 51 113 54 117 77 Received Heat Transfer 2976 | . 288 . . 51 9 315 162 144 54 9 . . 126 . 201 54 333 18 . 81 129 27 243 . . 36 123 . 124 9 18 12 26 27 229 . 128 . Effects 20 | . . . . . . . . . . . . . 3 . 2 . 1 . 1 . . . 3 . 3 . 1 . 1 . 2 2 . . 1 . . . Shutdowns 2 | . . . . . . . . . . . . . . . . . . . . . . . . . . . . . 1 . . . . . 1 . . . Energy Bleed 5 | . . . . . . . . . . . . . . . . . . . 1 . . . 1 . 3 . . . . . . . . . . . . . Interference 11 | . . . . . . . . . . . . . 3 . 2 . 1 . . . . . 2 . . . . . . . 1 2 . . . . . . Short Circuit 1 | . . . . . . . . . . . . . . . . . . . . . . . . . . . . . . . 1 . . . . . . . Damage (minor) 1 | . . . . . . . . . . . . . . . . . . . . . . . . . . . 1 . . . . . . . . . . . Siege Activations 1 | . . . . . . . . . . . . . . . . . . . . . . . . . . . . . . . . . . . . . 1 . Total Turns 77 | . . . . . . . . . . . . . . . . . . . . . . . . . . . . . . . . . . . . . 77 . Longest Duration 77 | . . . . . . . . . . . . . . . . . . . . . . . . . . . . . . . . . . . . . 77 . Robots Corrupted 10 | . . . . . . . . 1 . . . 4 . . . . . . . . . . . . . . . . . . 3 . . 1 1 . . . Combat Hostiles 10 | . . . . . . . . 1 . . . 4 . . . . . . . . . . . . . . . . . . 3 . . 1 1 . . . Parts Fried 26 | . . . . . . . . 1 . 1 . 8 . . . . . . . . . . . . . . . . . . 8 1 1 2 3 1 . . Impact Corruptions 1 | . . . . . . . . . . . . . . . . . . . . . . . . . . . . . . . . . 1 . . . . . Robots Melted 5 | . 1 . . . . . . . . . . . . . . . . . . . . . . . . . . . . . . . . 1 3 . . . Combat Hostiles 5 | . 1 . . . . . . . . . . . . . . . . . . . . . . . . . . . . . . . . 1 3 . . . Parts Melted 19 | . 4 . . . . 1 . . 2 . . . . . . . . 2 . . . . . . . . . . . . . 1 . 5 4 . . . Heat Transferred 6565 | 100 1510 . . . . 370 . 148 111 . . . . . . . . . . 50 185 50 50 . . 37 . . 296 . 74 481 592 1110 1184 . . 217 Parts Sabotaged . | . . . . . . . . . . . . . . . . . . . . . . . . . . . . . . . . . . . . . . . Parts Stolen 5 | . . . . . . . . . . 1 4 . . . . . . . . . . . . . . . . . . . . . . . . . . . Parts Stripped . | . . . . . . . . . . . . . . . . . . . . . . . . . . . . . . . . . . . . . . . Power Chain Reactions 2 | 2 . . . . . . . . . . . . . . . . . . . . . . . . . . . . . . . . . . . . . . Missiles Intercepted 10 | . . . . . . . . . . . . . . . . . . . . . . . . . . . . . . . . . . . 4 . 6 . Latent Energy Used 1132 | . . . . 59 . . . 160 . . . 600 . . . . . . . . . . . . . . . . . . . . . . . . 313 . LE Corruption 18 | . . . . 1 . . . 3 . . . 9 . . . . . . . . . . . . . . . . . . . . . . . . 5 . Alert | -11 -10 -10 -10 -9 -8 -8 -8 -8 -7 -7 -7 -7 -6 -6 -6 -6 -6 -5 -5 -5 -5 -5 -5 -4 -4 -4 -4 -4 -4 -3 -3 -3 -2 -2 -2 -1 -1 -1 ------- Run | Yrd Mat Min Exi Min Mat Gar Mat Gar Fac Low Low Dat Pro Fac Gar Fac Gar Fac Was Fac Gar Fac Gar Fac Was Fac Gar Fac Gar Res Tes Gar Res Qua Sec Acc Com Ac0 Peak Influence 1603 | 10 241 18 . 100 110 1603 781 1006 615 . . . . 101 865 604 1500 902 325 481 854 574 898 586 167 246 720 403 789 459 344 762 770 677 1108 839 661 . Initial 787 | . 6 18 . . 39 14 781 402 527 . . . . 18 1 388 422 787 315 . 196 448 242 471 135 107 172 378 282 443 182 147 428 432 42 664 408 . Average 478 | 4 127 6 . 97 63 797 598 743 508 . . . . 73 535 476 1094 818 142 270 618 477 650 497 150 151 494 395 578 365 210 563 496 358 423 749 528 . Maximum Alert Level 5 | . 1 . . . . 5 3 3 2 . . . . . 3 2 4 3 1 2 3 2 3 2 . 1 3 2 3 2 1 3 3 2 4 3 2 . Low Security (%) 23 | 100 76 100 . 100 100 5 . . . . . . . 100 18 . . . 67 30 2 . . . 100 84 5 . . . 41 1 . 33 31 . . . Level 1 15 | . 23 . . . . 20 . . . . . . . . 1 28 . . 32 50 5 22 16 11 . 15 25 72 19 73 58 17 24 23 11 . . . Level 2 39 | . . . . . . 18 93 28 100 . . . . . 58 71 18 19 . 18 50 77 25 88 . . 52 27 67 26 . 62 69 43 39 28 100 . Level 3 17 | . . . . . . 26 6 71 . . . . . . 22 . 15 80 . . 41 . 57 . . . 15 . 12 . . 18 6 . 12 71 . . Level 4 4 | . . . . . . 25 . . . . . . . . . . 66 . . . . . . . . . . . . . . . . . 4 . . . Level 5 . | . . . . . . 2 . . . . . . . . . . . . . . . . . . . . . . . . . . . . . . . . High Security . | . . . . . . . . . . . . . . . . . . . . . . . . . . . . . . . . . . . . . . . Max Security . | . . . . . . . . . . . . . . . . . . . . . . . . . . . . . . . . . . . . . . . Squads Dispatched 85 | . 5 . . . 2 . 2 . 4 . . . . 2 . 1 . 1 . 3 . 3 . . . 2 . . . 2 14 . 5 12 26 1 . . Investigation 19 | . 2 . . . 2 . 1 . 1 . . . . 2 . 1 . . . 2 . 1 . . . 1 . . . 1 2 . 2 . 1 . . . Extermination 10 | . . . . . . . . . 2 . . . . . . . . . . . . . . . . . . . . 1 2 . . 2 3 . . . Reinforcement 33 | . 3 . . . . . 1 . 1 . . . . . . . . 1 . 1 . 2 . . . . . . . . 8 . 1 5 9 1 . . Assault 5 | . . . . . . . . . . . . . . . . . . . . . . . . . . . . . . . . . 1 1 3 . . . Garrison 4 | . . . . . . . . . . . . . . . . . . . . . . . . . . 1 . . . . . . 1 1 1 . . . Intercept 14 | . . . . . . . . . . . . . . . . . . . . . . . . . . . . . . . 2 . . 3 9 . . . Searches Triggered . | . . . . . . . . . . . . . . . . . . . . . . . . . . . . . . . . . . . . . . . Construction Impeded 5 | . . . . . . . . . . . . . . . . . . 1 . 1 . 1 . . . . . . . . 1 . 1 . . . . . Haulers Reinforced 3 | . . . . . . . . . 1 . . . . . . . . . . . . 1 . . . . . . . . . . . . . 1 . . Active Scanning Responses . | . . . . . . . . . . . . . . . . . . . . . . . . . . . . . . . . . . . . . . . Cargo Convoy Interrupts . | . . . . . . . . . . . . . . . . . . . . . . . . . . . . . . . . . . . . . . . Alert ID Control Effect 132 | . . . . . . . 3 7 . 1 2 . . . . . . . . . 8 2 2 2 . 2 . . 6 8 27 12 7 12 29 1 1 . Stealth | -11 -10 -10 -10 -9 -8 -8 -8 -8 -7 -7 -7 -7 -6 -6 -6 -6 -6 -5 -5 -5 -5 -5 -5 -4 -4 -4 -4 -4 -4 -3 -3 -3 -2 -2 -2 -1 -1 -1 --------- Run | Yrd Mat Min Exi Min Mat Gar Mat Gar Fac Low Low Dat Pro Fac Gar Fac Gar Fac Was Fac Gar Fac Gar Fac Was Fac Gar Fac Gar Res Tes Gar Res Qua Sec Acc Com Ac0 Distress Signals 49 | . 1 . . . 1 . . . . . . . . . 1 . . 1 . . . . . . . . . . . . 4 . 6 2 4 . 29 . Communications Jammed 59 | . . . . . . . 2 . . . . . . . . . . . . . . . . . . . . . . . . . . . 57 . . . Distress Signals 57 | . . . . . . . . . . . . . . . . . . . . . . . . . . . . . . . . . . . 57 . . . Times Spotted 772 | . 35 . . 9 5 40 9 30 16 14 7 4 2 2 28 5 44 6 6 6 49 14 45 5 6 4 33 2 44 10 59 24 34 33 95 6 16 25 Peak Tracking Total 16 | . 6 . . 9 3 4 4 4 5 9 4 3 1 3 9 2 16 2 4 3 7 5 10 3 5 2 7 1 11 4 6 8 11 7 7 2 6 7 Tactical Retreats 26 | . . . . . . . . . . 1 . . . . 1 . 3 . . . 1 . 3 . . . 3 . . . 4 . 3 2 3 . 2 . Traps | -11 -10 -10 -10 -9 -8 -8 -8 -8 -7 -7 -7 -7 -6 -6 -6 -6 -6 -5 -5 -5 -5 -5 -5 -4 -4 -4 -4 -4 -4 -3 -3 -3 -2 -2 -2 -1 -1 -1 ------- Run | Yrd Mat Min Exi Min Mat Gar Mat Gar Fac Low Low Dat Pro Fac Gar Fac Gar Fac Was Fac Gar Fac Gar Fac Was Fac Gar Fac Gar Res Tes Gar Res Qua Sec Acc Com Ac0 Traps Triggered 56 | . 1 . . . . 9 . 7 1 . . . . 1 3 . 7 2 . . 4 1 5 1 . . 1 1 5 . 1 2 . . 1 1 2 . Indirectly . | . . . . . . . . . . . . . . . . . . . . . . . . . . . . . . . . . . . . . . . Trap Hack Attempts 13 | . 13 . . . . . . . . . . . . . . . . . . . . . . . . . . . . . . . . . . . . . Triggered . | . . . . . . . . . . . . . . . . . . . . . . . . . . . . . . . . . . . . . . . Disarmed . | . . . . . . . . . . . . . . . . . . . . . . . . . . . . . . . . . . . . . . . Reprogrammed 2 | . 2 . . . . . . . . . . . . . . . . . . . . . . . . . . . . . . . . . . . . . Reused . | . . . . . . . . . . . . . . . . . . . . . . . . . . . . . . . . . . . . . . . Traps Extracted . | . . . . . . . . . . . . . . . . . . . . . . . . . . . . . . . . . . . . . . . Installed . | . . . . . . . . . . . . . . . . . . . . . . . . . . . . . . . . . . . . . . . Triggered . | . . . . . . . . . . . . . . . . . . . . . . . . . . . . . . . . . . . . . . . Machines | -11 -10 -10 -10 -9 -8 -8 -8 -8 -7 -7 -7 -7 -6 -6 -6 -6 -6 -5 -5 -5 -5 -5 -5 -4 -4 -4 -4 -4 -4 -3 -3 -3 -2 -2 -2 -1 -1 -1 ---------- Run | Yrd Mat Min Exi Min Mat Gar Mat Gar Fac Low Low Dat Pro Fac Gar Fac Gar Fac Was Fac Gar Fac Gar Fac Was Fac Gar Fac Gar Res Tes Gar Res Qua Sec Acc Com Ac0 Machines Disabled 91 | . . . . . . 10 . 5 . . . . . . 9 1 6 5 . 7 1 1 2 1 . . 1 . 1 . 6 2 1 7 20 1 3 1 Max in Single Turn 2 | . . . . . . 2 . 1 . . . . . . 1 1 1 2 . 2 1 1 1 1 . . 1 . . . 1 1 1 1 1 1 1 1 Garrison Access 6 | . . . . . . . . . . . . . . . . . . 1 . . . 1 . . . . . 1 . . . . 1 1 1 . . . Garrison Relay 32 | . . . . . . 6 . 5 . . . . . . 2 . 1 . . . 4 . 3 . . . 4 . 3 . . 4 . . . . . . Phase Generator 1 | . . . . . . 1 . . . . . . . . . . . . . . . . . . . . . . . . . . . . . . . . Machines Repaired . | . . . . . . . . . . . . . . . . . . . . . . . . . . . . . . . . . . . . . . . Machines Dismantled 22 | . . . . . . . . . . . . . . . . . . . . . 7 . 3 . . . 4 . 4 . . 4 . . . . . . Machines Sabotaged . | . . . . . . . . . . . . . . . . . . . . . . . . . . . . . . . . . . . . . . . Overloaded Fab Kills . | . . . . . . . . . . . . . . . . . . . . . . . . . . . . . . . . . . . . . . . Hacking | -11 -10 -10 -10 -9 -8 -8 -8 -8 -7 -7 -7 -7 -6 -6 -6 -6 -6 -5 -5 -5 -5 -5 -5 -4 -4 -4 -4 -4 -4 -3 -3 -3 -2 -2 -2 -1 -1 -1 --------- Run | Yrd Mat Min Exi Min Mat Gar Mat Gar Fac Low Low Dat Pro Fac Gar Fac Gar Fac Was Fac Gar Fac Gar Fac Was Fac Gar Fac Gar Res Tes Gar Res Qua Sec Acc Com Ac0 Machines Accessed 106 | . 8 . 2 . 4 2 1 4 3 1 1 4 . 4 3 1 2 4 . 3 3 4 3 3 . 6 1 4 2 6 7 1 2 3 8 3 3 . Terminals 70 | . 7 . . . 3 2 . 4 3 1 . . . . 3 . 2 1 . . 3 . 3 1 . 4 1 2 2 5 6 1 1 3 6 3 3 . Fabricators 2 | . . . . . . . . . . . . . . . . . . 1 . . . . . . . 1 . . . . . . . . . . . . Repair Stations 9 | . 1 . . . . . . . . . . . . 3 . . . 1 . 1 . 1 . 1 . . . . . 1 . . . . . . . . Recycling Units 3 | . . . . . . . . . . . . . . . . . . . . 1 . 1 . 1 . . . . . . . . . . . . . . Scanalyzers 2 | . . . . . . . . . . . . . . . . . . . . . . . . . . . . . . . . . . . 2 . . . Garrison Access 13 | . . . . . 1 . 1 . . . . . . 1 . 1 . 1 . 1 . 2 . . . 1 . 2 . . 1 . 1 . . . . . Total Hacks 307 | . 22 . 2 . 16 5 5 8 10 1 1 32 . 11 7 4 3 15 . 8 6 11 5 8 . 14 1 8 3 27 21 1 9 4 25 10 4 . Successful 156 | . 9 . 2 . 10 2 3 4 3 1 1 32 . 5 1 3 1 9 . 4 2 7 3 3 . 6 1 5 1 9 9 1 4 2 12 1 . . Failed 150 | . 13 . . . 5 3 2 4 7 . . . . 6 6 1 2 6 . 4 4 4 2 5 . 8 . 3 2 18 12 . 5 2 13 9 4 . Catastrophic 41 | . 3 . . . . . 2 1 1 . . . . 1 1 . . 1 . 1 2 2 . 1 . 2 . . 2 8 4 . 2 . 1 4 2 . Database Lockouts 1 | . . . . . 1 . . . . . . . . . . . . . . . . . . . . . . . . . . . . . . . . . Manual 99 | . 15 . 1 . 12 . 3 . . . . . . 4 . 2 . 3 . 1 . 4 . . . 9 . 2 . 14 8 . 7 1 11 . 2 . Terminals 176 | . 19 . . . 14 5 . 8 10 1 . . . . 7 . 3 2 . . 6 . 5 3 . 8 1 4 3 23 17 1 4 4 14 10 4 . Fabricators 5 | . . . . . . . . . . . . . . . . . . 4 . . . . . . . 1 . . . . . . . . . . . . Repair Stations 32 | . 3 . . . . . . . . . . . . 8 . . . 7 . 3 . 3 . 4 . . . . . 4 . . . . . . . . Recycling Units 4 | . . . . . . . . . . . . . . . . . . . . 2 . 1 . 1 . . . . . . . . . . . . . . Scanalyzers 11 | . . . . . . . . . . . . . . . . . . . . . . . . . . . . . . . . . . . 11 . . . Garrison Access 44 | . . . . . 2 . 5 . . . . . . 3 . 4 . 2 . 3 . 7 . . . 5 . 4 . . 4 . 5 . . . . . Terminal Hacks 79 | . 4 . 2 . 4 2 . 4 3 1 1 32 . . 1 . 1 . . . 2 . 3 . . . 1 . 1 4 5 1 . 2 4 1 . . Record 13 | . . . 1 . . . . . . 1 . 11 . . . . . . . . . . . . . . . . . . . . . . . . . . Part Schematic 13 | . . . . . . . . . . . . 13 . . . . . . . . . . . . . . . . . . . . . . . . . . Robot Schematic 5 | . . . . . . . . . . . . 5 . . . . . . . . . . . . . . . . . . . . . . . . . . Robot Analysis 4 | . 2 . . . 2 . . . . . . . . . . . . . . . . . . . . . . . . . . . . . . . . . Prototype ID Bank 4 | . . . . . . . . . 1 . . 3 . . . . . . . . . . . . . . . . . . . . . . . . . . Open Door 9 | . . . . . . 1 . . . . 1 . . . . . . . . . . . 1 . . . . . . . 1 . . 1 3 1 . . Branch Access Points 3 | . 1 . . . . . . . 1 . . . . . . . . . . . . . . . . . . . . 1 . . . . . . . . Emergency Access Points 7 | . . . . . . 1 . 1 . . . . . . . . 1 . . . 1 . 1 . . . . . 1 . 1 . . . . . . . Alert Level 1 | . . . . . 1 . . . . . . . . . . . . . . . . . . . . . . . . . . . . . . . . . Unreport Threat 2 | . . . . . 1 . . . . . . . . . . . . . . . . . . . . . . . . . . . . 1 . . . . Locate Traps 4 | . 1 . . . . . . . . . . . . . . . . . . . . . . . . . . . . 2 . . . . 1 . . . Security Status 1 | . . . . . . . . . . . . . . . . . . . . . . . . . . . . . . 1 . . . . . . . . Hauler Manifests 1 | . . . . . . . . . 1 . . . . . . . . . . . . . . . . . . . . . . . . . . . . . Zone Layout 3 | . . . . . . . . . . . . . . . . . . . . . . . . . . . . . . . 3 . . . . . . . Garrison Registry 4 | . . . . . . . . 1 . . . . . . . . . . . . . . 1 . . . 1 . . . . 1 . . . . . . Patrol Navigation 3 | . . . . . . . . 1 . . . . . . 1 . . . . . 1 . . . . . . . . . . . . . . . . . Security Stations 1 | . . . . . . . . 1 . . . . . . . . . . . . . . . . . . . . . . . . . . . . . . Derelict Proto ID Bank 1 | . . . 1 . . . . . . . . . . . . . . . . . . . . . . . . . . . . . . . . . . . Fabricator Hacks 2 | . . . . . . . . . . . . . . . . . . 1 . . . . . . . 1 . . . . . . . . . . . . Build 2 | . . . . . . . . . . . . . . . . . . 1 . . . . . . . 1 . . . . . . . . . . . . Repair Station Hacks 14 | . 1 . . . . . . . . . . . . 3 . . . 4 . 1 . 2 . 2 . . . . . 1 . . . . . . . . Scan Component 10 | . 1 . . . . . . . . . . . . 2 . . . 3 . 1 . 1 . 1 . . . . . 1 . . . . . . . . Repair 4 | . . . . . . . . . . . . . . 1 . . . 1 . . . 1 . 1 . . . . . . . . . . . . . . Recycling Unit Hacks 1 | . . . . . . . . . . . . . . . . . . . . . . . . 1 . . . . . . . . . . . . . . Retrieve Components 1 | . . . . . . . . . . . . . . . . . . . . . . . . 1 . . . . . . . . . . . . . . Scanalyzer 5 | . . . . . . . . . . . . . . . . . . . . . . . . . . . . . . . . . . . 5 . . . Insert Component 5 | . . . . . . . . . . . . . . . . . . . . . . . . . . . . . . . . . . . 5 . . . Garrison Access Hacks 24 | . . . . . 1 . 2 . . . . . . 1 . 2 . 2 . 2 . 4 . . . 2 . 4 . . 2 . 2 . . . . . Unlock Access 10 | . . . . . 1 . 1 . . . . . . 1 . 1 . . . 1 . 1 . . . 1 . 1 . . 1 . 1 . . . . . Seal Access 3 | . . . . . . . . . . . . . . . . . . 1 . . . 1 . . . . . 1 . . . . . . . . . . Coupler Status 11 | . . . . . . . 1 . . . . . . . . 1 . 1 . 1 . 2 . . . 1 . 2 . . 1 . 1 . . . . . Unauthorized Hacks 31 | . 4 . . . 5 . 1 . . . . . . 1 . 1 . 2 . 1 . 1 . . . 3 . 1 . 4 2 . 2 . 3 . . . Terminals 20 | . 4 . . . 4 . . . . . . . . . . . . . . . . . . . . 3 . 1 . 4 2 . . . 2 . . . Track 2 | . . . . . . . . . . . . . . . . . . . . . . . . . . . . . . . 1 . . . 1 . . . Assimilate 1 | . 1 . . . . . . . . . . . . . . . . . . . . . . . . . . . . . . . . . . . . . Botnet 11 | . 2 . . . 2 . . . . . . . . . . . . . . . . . . . . 2 . . . 3 1 . . . 1 . . . Operators 5 | . 1 . . . 1 . . . . . . . . . . . . . . . . . . . . 1 . 1 . 1 . . . . . . . . Search 1 | . . . . . 1 . . . . . . . . . . . . . . . . . . . . . . . . . . . . . . . . . Fabricators 2 | . . . . . . . . . . . . . . . . . . 2 . . . . . . . . . . . . . . . . . . . . Prioritize 1 | . . . . . . . . . . . . . . . . . . 1 . . . . . . . . . . . . . . . . . . . . Haulers 1 | . . . . . . . . . . . . . . . . . . 1 . . . . . . . . . . . . . . . . . . . . Repair Stations 2 | . . . . . . . . . . . . . . 1 . . . . . . . 1 . . . . . . . . . . . . . . . . Mechanics 2 | . . . . . . . . . . . . . . 1 . . . . . . . 1 . . . . . . . . . . . . . . . . Recycling Units . | . . . . . . . . . . . . . . . . . . . . . . . . . . . . . . . . . . . . . . . Scanalyzers 1 | . . . . . . . . . . . . . . . . . . . . . . . . . . . . . . . . . . . 1 . . . Researchers 1 | . . . . . . . . . . . . . . . . . . . . . . . . . . . . . . . . . . . 1 . . . Garrison Access 6 | . . . . . 1 . 1 . . . . . . . . 1 . . . 1 . . . . . . . . . . . . 2 . . . . . Reprogram 4 | . . . . . 1 . . . . . . . . . . 1 . . . 1 . . . . . . . . . . . . 1 . . . . . Eject 2 | . . . . . . . 1 . . . . . . . . . . . . . . . . . . . . . . . . . 1 . . . . . Data Cores Recovered 3 | . . . . . . . . . 1 . . . . . . . . 1 . . . . . . . . . . . . . . . . . . 1 . Used 1 | . . . . . . . . . . . . . . . . . . 1 . . . . . . . . . . . . . . . . . . . . Hacking Detections 79 | . 7 . . . 3 2 1 4 2 . . . . 4 3 1 2 4 . 3 3 2 2 2 . 4 . 2 2 6 5 . 2 3 4 3 3 . Full Trace Events 17 | . 3 . . . . . . 1 1 . . . . 2 1 1 . . . 1 . 1 . . . 1 . . . 1 2 . 1 . 1 . . . Feedback Events . | . . . . . . . . . . . . . . . . . . . . . . . . . . . . . . . . . . . . . . . Feedback Blocked . | . . . . . . . . . . . . . . . . . . . . . . . . . . . . . . . . . . . . . . . Robot Schematics Acquired 15 | . . . . . . . . . . . . 5 . . . . . . . . . . . . . . . . . . 5 . . 3 2 . . . Robots Built . | . . . . . . . . . . . . . . . . . . . . . . . . . . . . . . . . . . . . . . . Authchips . | . . . . . . . . . . . . . . . . . . . . . . . . . . . . . . . . . . . . . . . Time . | . . . . . . . . . . . . . . . . . . . . . . . . . . . . . . . . . . . . . . . Total Robot Build Rating . | . . . . . . . . . . . . . . . . . . . . . . . . . . . . . . . . . . . . . . . Part Schematics Acquired 42 | . . . . . . . . . . . . 13 . . . . . . . . . . . . . . . . . . 17 . . 5 7 . . . Parts Built 3 | . . . . . . . . . . . . . . . . . . 2 . . . . . . . 1 . . . . . . . . . . . . Authchips . | . . . . . . . . . . . . . . . . . . . . . . . . . . . . . . . . . . . . . . . Time 267 | . . . . . . . . . . . . . . . . . . 128 . . . . . . . 139 . . . . . . . . . . . . Total Part Build Rating 25 | . . . . . . . . . . . . . . . . . . 16 . . . . . . . 9 . . . . . . . . . . . . Parts Repaired 4 | . . . . . . . . . . . . . . 1 . . . 1 . . . 1 . 1 . . . . . . . . . . . . . . Time 367 | . . . . . . . . . . . . . . 76 . . . 136 . . . 136 . 19 . . . . . . . . . . . . . . Parts Recycled . | . . . . . . . . . . . . . . . . . . . . . . . . . . . . . . . . . . . . . . . Recycled Matter . | . . . . . . . . . . . . . . . . . . . . . . . . . . . . . . . . . . . . . . . Retrieved Matter . | . . . . . . . . . . . . . . . . . . . . . . . . . . . . . . . . . . . . . . . Retrieved Components 1 | . . . . . . . . . . . . . . . . . . . . . . . . 1 . . . . . . . . . . . . . . Parts Scanalyzed . | . . . . . . . . . . . . . . . . . . . . . . . . . . . . . . . . . . . . . . . Part Schematics Acquired . | . . . . . . . . . . . . . . . . . . . . . . . . . . . . . . . . . . . . . . . Parts Damaged . | . . . . . . . . . . . . . . . . . . . . . . . . . . . . . . . . . . . . . . . Bothacking | -11 -10 -10 -10 -9 -8 -8 -8 -8 -7 -7 -7 -7 -6 -6 -6 -6 -6 -5 -5 -5 -5 -5 -5 -4 -4 -4 -4 -4 -4 -3 -3 -3 -2 -2 -2 -1 -1 -1 ------------ Run | Yrd Mat Min Exi Min Mat Gar Mat Gar Fac Low Low Dat Pro Fac Gar Fac Gar Fac Was Fac Gar Fac Gar Fac Was Fac Gar Fac Gar Res Tes Gar Res Qua Sec Acc Com Ac0 Used RIF Installer 11 | . . . . . . 2 . 1 . . . . . . 1 . 1 . . . 1 . 2 . . . 1 . 1 . . 1 . . . . . . Code Merge 1 | . . . . . . . . . . . . . . . 1 . . . . . . . . . . . . . . . . . . . . . . . Command Fork 1 | . . . . . . . . . . . . . . . . . . . . . . . 1 . . . . . . . . . . . . . . . Threat Obfuscator 1 | . . . . . . . . . . . . . . . . . . . . . 1 . . . . . . . . . . . . . . . . . Zone Cloak 1 | . . . . . . . . . . . . . . . . . 1 . . . . . . . . . . . . . . . . . . . . . Alert ID Control 1 | . . . . . . 1 . . . . . . . . . . . . . . . . . . . . . . . . . . . . . . . . Program Shield 1 | . . . . . . . . . . . . . . . . . . . . . . . 1 . . . . . . . . . . . . . . . Autooverride 1 | . . . . . . . . 1 . . . . . . . . . . . . . . . . . . . . . . . . . . . . . . Autoassimilate 2 | . . . . . . . . . . . . . . . . . . . . . . . . . . . . . 1 . . 1 . . . . . . Crosswire 1 | . . . . . . . . . . . . . . . . . . . . . . . . . . . 1 . . . . . . . . . . . Robots Hacked 148 | . . . 4 . . 3 5 18 9 1 1 . . 1 1 . . 1 . . 5 4 5 4 2 2 4 3 11 6 13 8 9 11 17 . . . Non-combat 27 | . . . 2 . . . 2 . 4 . . . . 1 1 . . 1 . . 1 . . 4 . . . 2 . 2 2 . . 3 2 . . . Combat 121 | . . . 2 . . 3 3 18 5 1 1 . . . . . . . . . 4 4 5 . 2 2 4 1 11 4 11 8 9 8 15 . . . Autooverrided 17 | . . . . . . . . 1 . 1 1 . . . . . . . . . 1 2 . . . . 2 . 2 . 1 3 . . 3 . . . Autoassimilated 17 | . . . . . . . . . . . . . . . . . . . . . . . . . . . . . . 1 3 . 3 4 6 . . . Robot Hacks Applied 136 | . . . 4 . . 4 9 19 9 . . . . 1 2 . . 1 . . 9 2 6 6 3 2 2 3 10 7 9 5 7 8 8 . . . parse_system 7 | . . . 4 . . . . . . . . . . . . . . . . . 2 . . 1 . . . . . . . . . . . . . . generate_echo 1 | . . . . . . . . . . . . . . . . . . . . . 1 . . . . . . . . . . . . . . . . . find_chute 3 | . . . . . . . . . . . . . . . . . . 1 . . . . . 2 . . . . . . . . . . . . . . drop_inventory 7 | . . . . . . . . . 1 . . . . 1 . . . . . . . . . 1 . . . 1 . 1 1 . . . 1 . . . find_recycling 1 | . . . . . . . . . 1 . . . . . . . . . . . . . . . . . . . . . . . . . . . . . ignore_parts 1 | . . . . . . . . . . . . . . . . . . . . . . . . 1 . . . . . . . . . . . . . . purge_threat 9 | . . . . . . . 2 . . . . . . . 2 . . . . . 2 . . . . . . . . 1 . . . 2 . . . . locate_traps 2 | . . . . . . . 1 . . . . . . . . . . . . . 1 . . . . . . . . . . . . . . . . . block_reporting 2 | . . . . . . . . . . . . . . . . . . . . . . . . . . . . . . 1 . . . . 1 . . . map_route 3 | . . . . . . . . . 1 . . . . . . . . . . . . . . . . . . 1 . . . . . 1 . . . . locate_prototypes 1 | . . . . . . . . . . . . . . . . . . . . . . . . . . . . . . . . . . 1 . . . . ignore_targets 3 | . . . . . . . . . . . . . . . . . . . . . . . . . 3 . . . . . . . . . . . . . find_shortcuts 2 | . . . . . . 1 . 1 . . . . . . . . . . . . . . . . . . . . . . . . . . . . . . link_fov 1 | . . . . . . . 1 . . . . . . . . . . . . . . . . . . . . . . . . . . . . . . . scatter_targeting 1 | . . . . . . . . . . . . . . . . . . . . . . . . . . . . . . . . . . . 1 . . . disrupt_area 1 | . . . . . . . . 1 . . . . . . . . . . . . . . . . . . . . . . . . . . . . . . spike_heat 4 | . . . . . . . . 3 . . . . . . . . . . . . . . . . . . . . . . . . 1 . . . . . amplify_resonance 3 | . . . . . . . . . . . . . . . . . . . . . . . 1 . . . 1 . 1 . . . . . . . . . reboot_system 7 | . . . . . . 2 . 1 . . . . . . . . . . . . . . 1 . . 1 . . 1 . . . 1 . . . . . overwrite_iff 32 | . . . . . . . 2 8 . . . . . . . . . . . . 1 2 3 . . . . . 6 1 2 1 3 1 2 . . . streamctrl_high 1 | . . . . . . . . . . . . . . . . . . . . . . . . . . . . . . . . . . 1 . . . . formatsys_low 7 | . . . . . . . 2 . 1 . . . . . . . . . . . . . . 1 . . . . . 1 1 . . 1 . . . . formatsys_high 37 | . . . . . . 1 1 5 5 . . . . . . . . . . . 2 . 1 . . 1 1 1 2 2 5 4 2 1 3 . . . Relay Couplers Released 133 | . . . . . . 27 3 18 . . . . . . 7 . 4 . . . 15 . 12 . . . 16 . 11 . . 15 4 1 . . . . Ejected 7 | . . . . . . . 3 . . . . . . . . . . . . . . . . . . . . . . . . . 4 . . . . . Machine Destruction 126 | . . . . . . 27 . 18 . . . . . . 7 . 4 . . . 15 . 12 . . . 16 . 11 . . 15 . 1 . . . . Attached 47 | . . . . . . 2 3 8 3 . . 1 . 1 1 . . . . . 4 . 4 . . 1 7 . . . 2 4 1 4 1 . . . Crosswired 16 | . . . . . . . . . . . . . . . . . . . . . . . . . . . 4 . 5 . . 7 . . . . . . Merged Code Value 290 | . . . . . . . . . . . . . . . . . . . . . 7 . 19 . . . 76 . 113 . . 70 5 . . . . . Fabnet Peak Effective % . | . . . . . . . . . . . . . . . . . . . . . . . . . . . . . . . . . . . . . . . Robots Rewired 45 | . . . . . . 3 . 3 . . . . . . 3 . . . . . 11 . 2 2 . . . . 12 . 1 8 . . . . . . Allies Hacked 7 | . . . . . . . . . . . . . . . . . . . . . . 2 1 . . . . . . . 1 . . . 3 . . . Hacks Repelled . | . . . . . . . . . . . . . . . . . . . . . . . . . . . . . . . . . . . . . . . Allies | -11 -10 -10 -10 -9 -8 -8 -8 -8 -7 -7 -7 -7 -6 -6 -6 -6 -6 -5 -5 -5 -5 -5 -5 -4 -4 -4 -4 -4 -4 -3 -3 -3 -2 -2 -2 -1 -1 -1 -------- Run | Yrd Mat Min Exi Min Mat Gar Mat Gar Fac Low Low Dat Pro Fac Gar Fac Gar Fac Was Fac Gar Fac Gar Fac Was Fac Gar Fac Gar Res Tes Gar Res Qua Sec Acc Com Ac0 Total Allies 181 | . . 1 . . 2 5 5 17 6 1 1 . . . 4 . . 3 . 2 15 4 8 4 . 1 5 1 23 6 13 19 10 8 17 . . . Largest Group 12 | . . 1 . . 2 4 3 5 7 6 3 . . . 4 . . 3 1 2 9 5 3 4 4 3 5 1 12 11 10 11 11 5 3 1 1 . Highest-Rated Group 674 | . . 31 . . 32 73 48 98 128 110 58 . . . 166 . . 93 31 82 365 185 160 101 101 91 231 49 356 409 393 672 674 343 445 145 145 . Highest-Rated Ally 343 | . . 31 . . 16 25 16 31 31 31 31 . . . 46 . . 31 31 41 49 49 95 47 47 49 80 49 116 58 143 148 142 343 178 145 145 . Total Orders 33 | . . . . . . 2 . . 4 1 19 . . . . . . . . . . . . 2 . . . . . . 1 2 . 2 . . . . STAY 13 | . . . . . . 1 . . 1 . 8 . . . . . . . . . . . . 1 . . . . . . . 1 . 1 . . . . FOLLOW 6 | . . . . . . 1 . . 1 . 3 . . . . . . . . . . . . . . . . . . . . 1 . . . . . . AID 5 | . . . . . . . . . 2 . . . . . . . . . . . . . . 1 . . . . . . 1 . . 1 . . . . EXPLORE 6 | . . . . . . . . . . 1 5 . . . . . . . . . . . . . . . . . . . . . . . . . . . RETURN 3 | . . . . . . . . . . . 3 . . . . . . . . . . . . . . . . . . . . . . . . . . . Ally Attacks 1181 | . . . . . 6 65 18 66 57 30 6 . . . 15 . . 16 10 . 85 31 21 5 40 2 17 . 77 44 128 176 51 60 145 7 3 . Total Damage 36344 | . . . . . 44 948 170 926 796 496 76 . . . 459 . . 227 194 . 3010 762 787 77 849 46 728 . 1875 1089 4361 7510 2135 2338 6056 282 103 . Kills 211 | . . . . . 1 10 3 10 6 3 2 . . . 2 . . 1 1 . 21 4 6 2 1 2 5 . 17 8 27 24 8 13 32 1 1 . Allies Corrupted 6 | . . . . . . . . . 1 . . . . . 1 . . . . . . 1 . . . . . . . . 1 1 . . 1 . . . Allies Melted 6 | . . . . . . . . . . . . . . . . . . . . . 2 1 . . . . . . . . . 2 1 . . . . . Intel | -11 -10 -10 -10 -9 -8 -8 -8 -8 -7 -7 -7 -7 -6 -6 -6 -6 -6 -5 -5 -5 -5 -5 -5 -4 -4 -4 -4 -4 -4 -3 -3 -3 -2 -2 -2 -1 -1 -1 ------- Run | Yrd Mat Min Exi Min Mat Gar Mat Gar Fac Low Low Dat Pro Fac Gar Fac Gar Fac Was Fac Gar Fac Gar Fac Was Fac Gar Fac Gar Res Tes Gar Res Qua Sec Acc Com Ac0 Robot Analysis Total 138 | . 2 . . . 2 . . . . . . 134 . . . . . . . . . . . . . . . . . . . . . . . . . . Derelict Logs Recovered 7 | . . 2 . . . . . . . 2 2 . 1 . . . . . . . . . . . . . . . . . . . . . . . . . Drone Launches 6 | . . . . . . . . . . 1 5 . . . . . . . . . . . . . . . . . . . . . . . . . . . Drone Recoveries 5 | . . . . . . . . . . 1 4 . . . . . . . . . . . . . . . . . . . . . . . . . . . Exploration | -11 -10 -10 -10 -9 -8 -8 -8 -8 -7 -7 -7 -7 -6 -6 -6 -6 -6 -5 -5 -5 -5 -5 -5 -4 -4 -4 -4 -4 -4 -3 -3 -3 -2 -2 -2 -1 -1 -1 ------------- Run | Yrd Mat Min Exi Min Mat Gar Mat Gar Fac Low Low Dat Pro Fac Gar Fac Gar Fac Was Fac Gar Fac Gar Fac Was Fac Gar Fac Gar Res Tes Gar Res Qua Sec Acc Com Ac0 Turns Passed 34826 | 119 1650 1140 1030 171 338 2159 149 1782 1072 779 942 438 693 481 1418 256 969 626 1241 408 1274 518 1208 453 135 238 1051 346 1373 343 1279 1082 333 1202 2647 484 2580 419 Spaces Moved 18140 | 57 654 468 425 62 186 935 34 674 561 409 497 217 416 328 919 196 641 304 341 281 772 258 776 226 92 203 685 273 688 246 649 582 166 621 1435 206 1544 113 Core 85 | 52 . . . . . . . . . . . . . . . . . . 33 . . . . . . . . . . . . . . . . . . . Treads 5465 | 5 654 468 425 62 186 935 34 674 561 409 497 217 334 . . . . . . . . . . . . . . . . . . . . . . . 4 . Legs 12590 | . . . . . . . . . . . . . 82 328 919 196 641 304 308 281 772 258 776 226 92 203 685 273 688 246 649 582 166 621 1435 206 1540 113 Wheels . | . . . . . . . . . . . . . . . . . . . . . . . . . . . . . . . . . . . . . . . Hover . | . . . . . . . . . . . . . . . . . . . . . . . . . . . . . . . . . . . . . . . Flight . | . . . . . . . . . . . . . . . . . . . . . . . . . . . . . . . . . . . . . . . Fastest Speed 50 | 50 160 240 240 240 160 160 245 163 163 165 163 163 120 120 105 105 100 100 100 100 100 105 97 97 97 97 97 110 110 120 120 120 118 118 112 112 112 116 Average Speed 140 | 166 204 240 240 240 160 188 245 220 164 165 164 173 156 120 111 105 102 100 259 100 106 105 104 97 97 97 104 110 128 120 120 120 118 118 115 112 120 117 Slowest Speed 1750 | 200 240 240 240 240 160 245 245 245 165 165 165 243 245 120 120 105 105 100 1750 100 170 105 105 97 97 97 180 110 190 120 120 120 120 118 118 112 295 186 Overloaded Moves . | . . . . . . . . . . . . . . . . . . . . . . . . . . . . . . . . . . . . . . . Propulsion Burnouts . | . . . . . . . . . . . . . . . . . . . . . . . . . . . . . . . . . . . . . . . Robots Hopped . | . . . . . . . . . . . . . . . . . . . . . . . . . . . . . . . . . . . . . . . Cave-ins Triggered . | . . . . . . . . . . . . . . . . . . . . . . . . . . . . . . . . . . . . . . . Teleports 1 | . . . . . . . . . . . . . . . . . . . . . . . . . . . . . . . . . . . . . 1 . Exploration Rate (%) 48 | 4 87 98 88 23 17 98 7 89 19 91 87 80 58 12 85 5 81 14 86 8 67 11 81 10 92 9 65 6 74 12 82 58 8 52 71 5 55 9 Regions Visited 38 Branch Regions 12 Pre-discovered Areas 27 | . . . 1 . . . . . . 1 1 24 . . . . . . . . . . . . . . . . . . . . . . . . . . Known Exits Taken 13 | . 1 . . . 1 . 1 . 1 . . . . 1 . 1 . . . 1 . 1 . . . 1 . 1 . 1 1 . 1 . . . . . Unknown Exits Taken 12 | 1 . 1 1 1 . . . . . 1 1 1 1 . . . . . . . . . . . . . . . . . . . . 1 1 1 1 . Scrap Searched 9 | . . 1 . . . . . . . 3 2 . 3 . . . . . . . . . . . . . . . . . . . . . . . . . Spaces Dug 250 | . . . . . . 14 . . 1 20 . . . 4 35 . 16 6 . 18 . 15 2 3 . 3 5 5 8 2 4 32 1 10 32 5 . 9 Terrain Destroyed 1056 | 7 . . . . . 114 . 13 4 21 . 27 . 7 40 14 46 33 18 101 8 26 13 10 15 9 9 5 16 4 103 41 73 15 143 5 80 36 Melee 57 | . . . . . . . . . . . . . . 4 5 . 1 6 . 2 . 6 1 3 . 2 . . 7 . . . . 4 10 5 . 1 Projectile 436 | . . . . . . 3 . . 4 . . . . . 1 14 33 27 18 50 8 20 8 7 15 7 9 5 9 3 50 10 3 11 36 . 50 35 AOE 551 | 7 . . . . . 110 . 13 . 21 . 27 . 3 34 . 10 . . 49 . . . . . . . . . . 53 31 70 . 97 . 26 . Terrain Rammed . | . . . . . . . . . . . . . . . . . . . . . . . . . . . . . . . . . . . . . . . Walls Destroyed . | . . . . . . . . . . . . . . . . . . . . . . . . . . . . . . . . . . . . . . . Machines Disabled . | . . . . . . . . . . . . . . . . . . . . . . . . . . . . . . . . . . . . . . . Actions | -11 -10 -10 -10 -9 -8 -8 -8 -8 -7 -7 -7 -7 -6 -6 -6 -6 -6 -5 -5 -5 -5 -5 -5 -4 -4 -4 -4 -4 -4 -3 -3 -3 -2 -2 -2 -1 -1 -1 --------- Run | Yrd Mat Min Exi Min Mat Gar Mat Gar Fac Low Low Dat Pro Fac Gar Fac Gar Fac Was Fac Gar Fac Gar Fac Was Fac Gar Fac Gar Res Tes Gar Res Qua Sec Acc Com Ac0 Total 24896 | 71 845 480 434 76 215 1204 76 894 674 500 606 269 447 404 1167 225 800 583 652 363 1077 448 1010 439 115 227 904 302 1040 281 1031 882 267 976 2101 424 2125 262 Wait 2980 | 2 53 8 1 2 15 81 5 61 19 70 76 16 1 48 65 19 42 233 291 47 77 141 65 162 4 4 75 7 71 11 186 129 39 185 209 167 285 8 Move 18100 | 56 653 467 424 61 185 933 33 672 560 408 496 216 415 327 918 195 639 304 340 280 771 258 774 226 91 203 683 272 686 245 648 581 165 620 1434 205 1543 113 Hop . | . . . . . . . . . . . . . . . . . . . . . . . . . . . . . . . . . . . . . . . Pick Up 313 | 3 26 . 2 1 5 21 2 19 12 3 6 9 6 7 13 . 6 7 . 2 3 1 6 4 1 1 7 . 11 2 13 8 3 10 49 6 35 3 Fast Attach 205 | 6 4 . . . . 6 1 6 9 . 2 1 2 4 11 . 6 2 . . 6 1 9 . . . 18 . 12 . 14 8 3 6 35 5 25 3 Attach 145 | . 3 . . 1 4 3 2 5 6 1 1 1 . 1 7 . 2 3 . 1 3 . 5 1 1 . 3 . 5 1 1 3 3 4 30 5 24 15 Detach 106 | . 4 . . . . 5 2 4 4 1 . . . . 7 . 3 2 . . 5 . 4 . . . 3 . 4 . . 4 1 1 23 3 21 5 Swap 487 | . 4 1 1 6 . 36 6 24 13 3 8 8 2 5 24 2 9 8 4 5 24 12 27 13 3 7 27 5 17 4 40 20 16 30 44 3 24 2 Drop 405 | . 14 . 2 1 1 38 . 17 15 1 4 10 6 5 20 . 12 4 . 1 4 1 9 4 . 1 19 3 15 1 30 13 3 20 61 9 50 11 Fire 1388 | 4 68 . . 4 5 60 23 68 34 13 12 4 15 2 55 8 67 14 17 23 62 26 76 13 15 6 49 9 71 17 93 54 31 63 109 13 84 101 Melee 287 | . . . 4 . . 8 2 6 . . 1 4 . 5 30 . 1 6 . 2 5 7 2 3 . 5 6 . 14 . . . . 36 107 8 24 1 Ram . | . . . . . . . . . . . . . . . . . . . . . . . . . . . . . . . . . . . . . . . Kick 10 | . . . . . . . . . . . . . . . . 1 . . . 2 . . . . . . . . . . 2 . 1 1 . . 3 . Crush 9 | . 3 4 . . . . . . 2 . . . . . . . . . . . . . . . . . . . . . . . . . . . . . Escape Stasis 80 | . . . . . . 4 . 12 . . . . . . 7 . 13 . . . 10 . 8 . . . 2 . 13 . . 5 . . . . 6 . Rewire 284 | . . . . . . 9 . . . . . . . . 10 . . . . . 81 . 16 13 . . . . 104 . 4 44 2 . . . 1 . Trap 13 | . 13 . . . . . . . . . . . . . . . . . . . . . . . . . . . . . . . . . . . . . Miscellaneous 84 | . . . . . . . . . . . . . . . . . . . . . 26 1 9 . . . 12 6 17 . . 13 . . . . . . Route ------- -11/Scrapyard -10/Materials (discovered 4 exits: [*Mat x3] / *Min) -10/Mines (discovered 4 exits: [*Mat x2] / *Exi / [*Sub]) -10/Exiles -9/Mines (discovered 2 exits: *Mat x2) -8/Materials (discovered 2 exits: Fac / Gar) -8/Garrison (discovered 3 exits: *Mat x3) -8/Materials -8/Garrison (discovered 3 exits: *Fac x3) -7/Factory (discovered 2 exits: *Low x2) -7/Lower Caves -7/Lower Caves (discovered 2 exits: *Fac / *Dat) -7/Data Miner -6/Proximity Caves -6/Factory (discovered 3 exits: Low x2 / Gar) -6/Garrison (discovered 4 exits: *Fac x3 / *Fac) -6/Factory -6/Garrison (discovered 3 exits: *Fac x3) -5/Factory -5/Waste -5/Factory (discovered 2 exits: *Fac / Gar) -5/Garrison (discovered 3 exits: *Fac x2 / *Fac) -5/Factory -5/Garrison (discovered 3 exits: *Fac x3) -4/Factory -4/Waste -4/Factory (discovered 2 exits: *Res / Gar) -4/Garrison (discovered 3 exits: *Fac x3) -4/Factory -4/Garrison (discovered 2 exits: *Res x2) -3/Research (discovered 2 exits: *Tes x2) -3/Testing (discovered 2 exits: *Res / Gar) -3/Garrison (discovered 3 exits: *Res x3) -2/Research -2/Quarantine (discovered 2 exits: *Acc / *Sec) -2/Section 7 -1/Access -1/Command (discovered 3 exits: [*Sur x2] / [*Ac0]) -1/Access_0 History --------- Turn | Location | Event 8 | -11/Scrapyard | Discovered new exit (range 16) 120 | -11/Scrapyard | Entered Materials 148 | -10/Materials | Identified exit to Mines 302 | -10/Materials | Build established: Mutant 384 | -10/Materials | Discovered new exit (range 16) 869 | -10/Materials | Discovered new exit (range 14) 1143 | -10/Materials | Discovered new exit (range 6) 1770 | -10/Materials | Entered Mines 1828 | -10/Mines | Discovered new exit (range 5) 2165 | -10/Mines | Received a Mining Laser from a helpful Derelict 2315 | -10/Mines | Discovered new exit (range 14) 2385 | -10/Mines | Learned Materials non-interactive machine intel 2387 | -10/Mines | Learned location of 1 exit from Materials 2729 | -10/Mines | Discovered new exit (range 10) 2901 | -10/Mines | Deemed a non-threat by the Exiles lab entrance 2901 | -10/Mines | Discovered new exit (range 5) 2910 | -10/Mines | Entered Exiles 2975 | -10/Exiles | Met 8R-AWN 3021 | -10/Exiles | Met EX-HEX 3114 | -10/Exiles | Met EX-DEC 3199 | -10/Exiles | Visited The Gauntlet 3281 | -10/Exiles | Build established: Scavenger-Mutant 3478 | -10/Exiles | Learned location of Zion (-6) 3524 | -10/Exiles | Met EX-BIN 3572 | -10/Exiles | Aligned with FarCom system 3574 | -10/Exiles | Given EX-Vault access code 3629 | -10/Exiles | Opened EX-Vault 3647 | -10/Exiles | Found Latent Energy Streamer 3653 | -10/Exiles | Found Cloak of Protection 3707 | -10/Exiles | Warned to stay clear of 0b10 Research branches 3913 | -10/Exiles | Discovered new exit (range 14) 3940 | -10/Exiles | Stole two prototypes: Latent Energy Streamer, Cloak of Protection 3940 | -10/Exiles | Entered Mines 3949 | -9/Mines | Core integrity fell below 50% 4000 | -9/Mines | Discovered new exit (range 12) 4060 | -9/Mines | Discovered new exit (range 11) 4111 | -9/Mines | Entered Materials 4111 | -8/Materials | Evolved 4 slots: Propulsion x1, Utility x1, Weapon x2 4112 | -8/Materials | Identified exit to Factory 4113 | -8/Materials | Loaded intel: 43 non-interactive machine locations 4255 | -8/Materials | Identified exit to Garrison 4379 | -8/Materials | Central database locked down 4424 | -8/Materials | Build established: Scavenger-Skirmisher 4449 | -8/Materials | Entered Garrison 4449 | -8/Garrison | Accompanied by 1 ally 4480 | -8/Garrison | Triggered checkpoint 4516 | -8/Garrison | Triggered checkpoint 4840 | -8/Garrison | Phase Generator disabled 4885 | -8/Garrison | Installed Relay Interface Framework 4965 | -8/Garrison | Rescued a captive Derelict 5062 | -8/Garrison | Garrison Relay disabled 5072 | -8/Garrison | Triggered checkpoint 5083 | -8/Garrison | Triggered checkpoint 5124 | -8/Garrison | Triggered checkpoint 5383 | -8/Garrison | Discovered new exit (range 11) 5489 | -8/Garrison | Triggered checkpoint 5562 | -8/Garrison | Garrison Relay disabled 5682 | -8/Garrison | Triggered checkpoint 5784 | -8/Garrison | Triggered checkpoint 5807 | -8/Garrison | Expanded RIF knowledge: Alert ID Control 5874 | -8/Garrison | Garrison Relay disabled 5964 | -8/Garrison | Discovered new exit (range 10) 6210 | -8/Garrison | Triggered checkpoint 6287 | -8/Garrison | Build established: Bothacker-Skirmisher 6316 | -8/Garrison | Discovered new exit (range 15) 6330 | -8/Garrison | Triggered checkpoint 6381 | -8/Garrison | Garrison Relay disabled 6608 | -8/Garrison | Entered Materials 6699 | -8/Materials | Identified exit to Garrison 6757 | -8/Materials | Entered Garrison 6757 | -8/Garrison | Accompanied by 2 allies 6792 | -8/Garrison | Expanded RIF knowledge: Autooverride 6849 | -8/Garrison | Garrison Relay disabled 7124 | -8/Garrison | Triggered checkpoint 7188 | -8/Garrison | System corruption reached 10% 7273 | -8/Garrison | Garrison Relay disabled 7445 | -8/Garrison | Core integrity fell below 50% 7620 | -8/Garrison | Discovered exit to Factory (range 12) 7632 | -8/Garrison | Learned Factory security intel 7777 | -8/Garrison | Garrison Relay disabled 8066 | -8/Garrison | Discovered exit to Factory (range 9) 8184 | -8/Garrison | Garrison Relay disabled 8316 | -8/Garrison | Triggered checkpoint 8369 | -8/Garrison | Garrison Relay disabled 8434 | -8/Garrison | Discovered exit to Factory (range 53) 8434 | -8/Garrison | Discovered exit to Factory (range 24) 8434 | -8/Garrison | Discovered exit to Factory (range 34) 8539 | -8/Garrison | Entered Factory 8539 | -7/Factory | Accompanied by 4 allies 8539 | -7/Factory | Evolved 2 slots: Propulsion x1, Utility x1 8541 | -7/Factory | FarCom data flow suspended 8847 | -7/Factory | Build established: Bothacker-Gunner 8898 | -7/Factory | Identified exit to Lower Caves 9611 | -7/Factory | Entered Lower Caves 9611 | -7/Lower Caves | Accompanied by 5 allies 9611 | -7/Lower Caves | Spotted CJ-Z7E(f) 9611 | -7/Lower Caves | Spotted 0R-A1N(f) 9612 | -7/Lower Caves | Encountered a Master Thief 9612 | -7/Lower Caves | Encountered a Master Thief 9612 | -7/Lower Caves | Cloak of Protection stolen by Master Thief 9618 | -7/Lower Caves | Destroyed 0R-A1N(f) 9986 | -7/Lower Caves | Encountered a Warlord checkpoint 10108 | -7/Lower Caves | Destroyed 11 combat bots 10115 | -7/Lower Caves | Lost 3 allies 10197 | -7/Lower Caves | Discovered new exit (range 35) 10390 | -7/Lower Caves | Entered another Lower Caves area 10390 | -7/Lower Caves | Accompanied by 2 allies 10435 | -7/Lower Caves | Discovered new exit (range 30) 10503 | -7/Lower Caves | Learned 8 Factory zone layouts 10744 | -7/Lower Caves | Attracted the attention of an 0b10 checkpoint 11101 | -7/Lower Caves | Spotted 6C-NX4(f) 11101 | -7/Lower Caves | Spotted HY-53O(f) 11102 | -7/Lower Caves | Encountered a Master Thief 11102 | -7/Lower Caves | Encountered a Master Thief 11102 | -7/Lower Caves | Spotted R6-JWZ(f) 11103 | -7/Lower Caves | Encountered a Master Thief 11104 | -7/Lower Caves | Arm. Medium Treads stolen by Master Thief 11105 | -7/Lower Caves | Mni. Drone Bay stolen by Master Thief 11109 | -7/Lower Caves | Enh. Autogun stolen by Master Thief 11112 | -7/Lower Caves | Spotted RR-7DO(f) 11113 | -7/Lower Caves | Encountered a Master Thief 11114 | -7/Lower Caves | Relay Coupler [Heavy] stolen by Master Thief 11152 | -7/Lower Caves | Discovered new exit (range 4) 11332 | -7/Lower Caves | Entered Data Miner 11332 | -7/Data Miner | Discovered new exit (range 7) 11363 | -7/Data Miner | Met Data Miner 11406 | -7/Data Miner | Learned location of Section 7 (-2) 11406 | -7/Data Miner | Acquired the access code to Warlord's prototype stash 11422 | -7/Data Miner | Received God Mode back door access code from Data Miner 11475 | -7/Data Miner | Destroyed Data Miner 11477 | -7/Data Miner | Interfaced with the Data Conduit 11500 | -7/Data Miner | Found Prototype Hackware 11658 | -7/Data Miner | System corruption reached 10% 11770 | -7/Data Miner | Entered Proximity Caves 11774 | -6/Proximity Caves | Attracted the attention of an 0b10 checkpoint 12059 | -6/Proximity Caves | Spotted B-75 Beast 12323 | -6/Proximity Caves | System corruption reached 30% 12342 | -6/Proximity Caves | Destroyed B-75 Beast 12431 | -6/Proximity Caves | Discovered new exit (range 15) 12455 | -6/Proximity Caves | Learned Factory stockpile data 12463 | -6/Proximity Caves | Entered Factory 12463 | -6/Factory | Evolved 2 slots: Power x1, Utility x1 12464 | -6/Factory | Identified exit to Lower Caves 12467 | -6/Factory | Loaded intel: 301 machine locations 12701 | -6/Factory | Repaired Broken Enh. Autogun 12839 | -6/Factory | Build established: Scavenger-Gunner 12886 | -6/Factory | Identified exit to Garrison 12944 | -6/Factory | Entered Garrison 12945 | -6/Garrison | Loaded intel: 38 machine locations 12946 | -6/Garrison | Triggered checkpoint 12985 | -6/Garrison | Discovered new exit (range 5) 13062 | -6/Garrison | Triggered checkpoint 13079 | -6/Garrison | Rescued a captive Derelict 13121 | -6/Garrison | Garrison Relay disabled 13209 | -6/Garrison | Triggered checkpoint 13267 | -6/Garrison | Lost 4 allies 13280 | -6/Garrison | Destroyed 11 combat bots 13284 | -6/Garrison | Triggered checkpoint 13340 | -6/Garrison | Expanded RIF knowledge: Code Merge 13375 | -6/Garrison | Discovered new exit (range 11) 13418 | -6/Garrison | Build established: Bothacker-Gunner 13511 | -6/Garrison | Discovered new exit (range 10) 13526 | -6/Garrison | Triggered checkpoint 13686 | -6/Garrison | Destroyed Executioner 13723 | -6/Garrison | Destroyed Executioner 13728 | -6/Garrison | Found Exp. Core Analyzer 13741 | -6/Garrison | Found Adv. Kinecellerator 13778 | -6/Garrison | Found Exp. Targeting Computer 13795 | -6/Garrison | Found Exp. Targeting Computer 13956 | -6/Garrison | Discovered new exit (range 20) 14025 | -6/Garrison | Build established: Scavenger-Gunner 14037 | -6/Garrison | Heavy support dispatched to Factory 14070 | -6/Garrison | H-XX Assembler disabled 14132 | -6/Garrison | Garrison Relay disabled 14362 | -6/Garrison | Entered Factory 14363 | -6/Factory | Loaded intel: 239 machine locations 14475 | -6/Factory | Identified exit to Garrison 14618 | -6/Factory | Entered Garrison 14619 | -6/Garrison | Loaded intel: 39 machine locations 14666 | -6/Garrison | Triggered checkpoint 14690 | -6/Garrison | Expanded RIF knowledge: Zone Cloak 14847 | -6/Garrison | Destroyed 13 combat bots 14938 | -6/Garrison | Triggered checkpoint 14950 | -6/Garrison | Spotted B-75 Beast 14976 | -6/Garrison | Triggered checkpoint 14980 | -6/Garrison | Destroyed 9 combat bots 14990 | -6/Garrison | Spotted B-75 Beast 15011 | -6/Garrison | Discovered new exit (range 22) 15056 | -6/Garrison | Triggered checkpoint 15114 | -6/Garrison | Spotted Executioner 15115 | -6/Garrison | Spotted Executioner 15123 | -6/Garrison | Destroyed Executioner 15127 | -6/Garrison | Destroyed Executioner 15137 | -6/Garrison | Found Adv. Kinecellerator 15159 | -6/Garrison | Found Adv. Kinecellerator 15170 | -6/Garrison | Found Exp. Core Analyzer 15336 | -6/Garrison | Discovered new exit (range 10) 15521 | -6/Garrison | Spotted B-86 Titan 15577 | -6/Garrison | Discovered new exit (range 10) 15587 | -6/Garrison | Entered Factory 15587 | -5/Factory | Evolved 2 slots: Utility x2 15588 | -5/Factory | Loaded intel: 271 machine locations 15604 | -5/Factory | Allied Derelicts emerged from ambush trap array 15717 | -5/Factory | Found Scatter Rocket Array 15926 | -5/Factory | Repaired Broken Helical Railgun 16092 | -5/Factory | Fabricated Biometal Leg (x2) 16209 | -5/Factory | Spotted B-75 Beast 16213 | -5/Factory | Sucked down chute 16213 | -5/Factory | Entered Waste 16228 | -5/Waste | Spotted C-40 Crusher 16229 | -5/Waste | Spotted C-40 Crusher 16230 | -5/Waste | 1 allies followed down the chute 16242 | -5/Waste | Destroyed C-40 Crusher 16247 | -5/Waste | Spotted C-40 Crusher 16253 | -5/Waste | Spotted C-40 Crusher 16257 | -5/Waste | Allies destroyed C-40 Crusher 16261 | -5/Waste | Spotted C-40 Crusher 16281 | -5/Waste | Destroyed C-40 Crusher 16291 | -5/Waste | Destroyed C-40 Crusher 16295 | -5/Waste | Destroyed C-40 Crusher 16299 | -5/Waste | Spotted C-40 Crusher 16311 | -5/Waste | Destroyed C-40 Crusher 16419 | -5/Waste | Discovered new exit (range 13) 17454 | -5/Waste | Entered Factory 17455 | -5/Factory | Loaded intel: 295 machine locations 17498 | -5/Factory | Identified exit to Garrison 17595 | -5/Factory | Discovered new exit (range 11) 17862 | -5/Factory | Entered Garrison 17862 | -5/Garrison | Accompanied by 2 allies 17863 | -5/Garrison | Loaded intel: 44 machine locations 17894 | -5/Garrison | Triggered checkpoint 17991 | -5/Garrison | Garrison Relay disabled 18035 | -5/Garrison | Garrison Relay disabled 18250 | -5/Garrison | Triggered checkpoint 18345 | -5/Garrison | Spotted B-75 Beast 18353 | -5/Garrison | Spotted B-75 Beast 18353 | -5/Garrison | Spotted B-75 Beast 18357 | -5/Garrison | Triggered checkpoint 18358 | -5/Garrison | Triggered checkpoint 18370 | -5/Garrison | Destroyed B-75 Beast 18407 | -5/Garrison | Discovered new exit (range 10) 18428 | -5/Garrison | Expanded RIF knowledge: Threat Obfuscation 18501 | -5/Garrison | Heavy support dispatched to Factory 18556 | -5/Garrison | Garrison Relay disabled 18582 | -5/Garrison | Triggered checkpoint 18614 | -5/Garrison | Triggered checkpoint 18687 | -5/Garrison | H-XX Assembler disabled 18800 | -5/Garrison | Discovered new exit (range 11) 18816 | -5/Garrison | Triggered checkpoint 18848 | -5/Garrison | Discovered new exit (range 6) 18930 | -5/Garrison | Triggered checkpoint 19003 | -5/Garrison | Triggered checkpoint 19038 | -5/Garrison | Garrison Relay disabled 19136 | -5/Garrison | Entered Factory 19136 | -5/Factory | Accompanied by 5 allies 19137 | -5/Factory | Loaded intel: 250 machine locations 19374 | -5/Factory | Lost 4 allies 19581 | -5/Factory | Repaired Broken Helical Railgun 19654 | -5/Factory | Identified exit to Garrison 19654 | -5/Factory | Entered Garrison 19655 | -5/Garrison | Loaded intel: 30 machine locations 19773 | -5/Garrison | Garrison Relay disabled 19829 | -5/Garrison | Spotted B-75 Beast 19834 | -5/Garrison | Triggered checkpoint 19892 | -5/Garrison | Lost 3 allies 19916 | -5/Garrison | Destroyed B-75 Beast 19937 | -5/Garrison | Destroyed 8 combat bots 19957 | -5/Garrison | Expanded RIF knowledge: Program Shield 19972 | -5/Garrison | Triggered checkpoint 20210 | -5/Garrison | Discovered new exit (range 8) 20253 | -5/Garrison | Expanded RIF knowledge: Command Fork 20292 | -5/Garrison | Found embedded Infiltrators 20306 | -5/Garrison | Triggered checkpoint 20306 | -5/Garrison | Build established: Botlord-Gunner 20318 | -5/Garrison | Garrison Relay disabled 20401 | -5/Garrison | Found Relay Coupler [Proto] 20544 | -5/Garrison | Triggered checkpoint 20578 | -5/Garrison | Discovered new exit (range 9) 20593 | -5/Garrison | Discovered new exit (range 53) 20593 | -5/Garrison | Discovered new exit (range 48) 20593 | -5/Garrison | Discovered new exit (range 14) 20712 | -5/Garrison | Garrison Relay disabled 20862 | -5/Garrison | Entered Factory 20862 | -4/Factory | Accompanied by 1 ally 20862 | -4/Factory | Evolved 2 slots: Utility x2 20863 | -4/Factory | Loaded intel: 266 machine locations 21064 | -4/Factory | Found Adv. EM Disruption Field 21115 | -4/Factory | Spotted B-86 Titan 21203 | -4/Factory | Repaired Lgt. Nuclear Core 21315 | -4/Factory | Sucked down chute 21315 | -4/Factory | Entered Waste 21330 | -4/Waste | EMP discharged 21344 | -4/Waste | Spotted C-40 Crusher 21344 | -4/Waste | Spotted C-40 Crusher 21345 | -4/Waste | Spotted C-40 Crusher 21347 | -4/Waste | Spotted C-40 Crusher 21357 | -4/Waste | Destroyed C-40 Crusher 21359 | -4/Waste | Spotted C-40 Crusher 21363 | -4/Waste | Spotted C-40 Crusher 21375 | -4/Waste | 4 allies followed down the chute 21379 | -4/Waste | Destroyed C-40 Crusher 21387 | -4/Waste | Destroyed C-40 Crusher 21387 | -4/Waste | Destroyed C-40 Crusher 21407 | -4/Waste | Destroyed C-40 Crusher 21430 | -4/Waste | EMP discharged 21438 | -4/Waste | Discovered new exit (range 12) 21450 | -4/Waste | Entered Factory 21450 | -4/Factory | Accompanied by 2 allies 21451 | -4/Factory | Loaded intel: 234 machine locations 21603 | -4/Factory | Fabricated Adv. Cloaking Device? 21612 | -4/Factory | Discovered new exit (range 10) 21633 | -4/Factory | Garrison activated, responded to threat 21688 | -4/Factory | Identified exit to Garrison 21688 | -4/Factory | Entered Garrison 21688 | -4/Garrison | Accompanied by 2 allies 21689 | -4/Garrison | Loaded intel: 27 machine locations 21711 | -4/Garrison | Found embedded Infiltrators 21732 | -4/Garrison | Triggered checkpoint 21749 | -4/Garrison | Discovered new exit (range 76) 21749 | -4/Garrison | Discovered new exit (range 76) 21749 | -4/Garrison | Discovered new exit (range 51) 21764 | -4/Garrison | Garrison Relay disabled 21800 | -4/Garrison | Garrison Relay disabled 21878 | -4/Garrison | Triggered checkpoint 21923 | -4/Garrison | Lost 4 allies 21938 | -4/Garrison | Destroyed 9 combat bots 21940 | -4/Garrison | Lost 5 parts (1p3u1w) 22068 | -4/Garrison | Destroyed 7 combat bots 22124 | -4/Garrison | Triggered checkpoint 22135 | -4/Garrison | Garrison Relay disabled 22169 | -4/Garrison | Expanded RIF knowledge: Crosswire 22224 | -4/Garrison | Triggered checkpoint 22298 | -4/Garrison | Triggered checkpoint 22344 | -4/Garrison | Garrison Relay disabled 22475 | -4/Garrison | Spotted B-86 Titan 22487 | -4/Garrison | Build established: Scavenger-Gunner 22588 | -4/Garrison | Found Relay Coupler [Proto] 22662 | -4/Garrison | Spotted B-86 Titan 22739 | -4/Garrison | Entered Factory 22740 | -4/Factory | Loaded intel: 288 machine locations 22778 | -4/Factory | Identified exit to Garrison 22864 | -4/Factory | Build established: Botlord-Gunner 23085 | -4/Factory | Entered Garrison 23086 | -4/Garrison | Loaded intel: 34 machine locations 23122 | -4/Garrison | Triggered checkpoint 23139 | -4/Garrison | Garrison Relay disabled 23298 | -4/Garrison | Rescued a captive Derelict 23304 | -4/Garrison | Rescued a captive Derelict 23342 | -4/Garrison | Spotted B-86 Titan 23346 | -4/Garrison | Assimilated Titan 7a with formatsys_high 23350 | -4/Garrison | Triggered checkpoint 23355 | -4/Garrison | Triggered checkpoint 23368 | -4/Garrison | Triggered checkpoint 23419 | -4/Garrison | Lost 8 allies 23442 | -4/Garrison | Lost 3 parts (2n1w) 23576 | -4/Garrison | Discovered new exit (range 20) 23655 | -4/Garrison | Expanded RIF knowledge: Autoassimilate 23691 | -4/Garrison | Build established: Scavenger-Gunner 23777 | -4/Garrison | Lost 3 parts (1p1n1w) 23933 | -4/Garrison | Garrison Relay disabled 23942 | -4/Garrison | Triggered checkpoint 24122 | -4/Garrison | Garrison Relay disabled 24168 | -4/Garrison | Triggered checkpoint 24214 | -4/Garrison | Discovered new exit (range 10) 24229 | -4/Garrison | Spotted B-86 Titan 24302 | -4/Garrison | System corruption reached 10% 24458 | -4/Garrison | Entered Research 24458 | -3/Research | Accompanied by 8 allies 24458 | -3/Research | Evolved 2 slots: Propulsion x1, Utility x1 24459 | -3/Research | Loaded intel: 100 machine locations 24461 | -3/Research | Identified Quantum Router 24559 | -3/Research | Identified exit to Testing 24564 | -3/Research | Found Exp. Melee Analysis Suite 24626 | -3/Research | Build established: Botlord-Gunner 24674 | -3/Research | Found Adv. Kinecellerator 24801 | -3/Research | Entered Testing 24801 | -3/Testing | Accompanied by 10 allies 24802 | -3/Testing | Loaded intel: 60 machine locations 24844 | -3/Testing | Lost 3 allies 24930 | -3/Testing | Found Ragnarok Missile Launcher 24933 | -3/Testing | Found Ragnarok Missile Launcher 25032 | -3/Testing | Found Prototype Protection 25090 | -3/Testing | Lost 4 allies 25163 | -3/Testing | Scanned by Researcher 25222 | -3/Testing | Spotted Striker 25223 | -3/Testing | Spotted Striker 25233 | -3/Testing | Lost 3 allies 25524 | -3/Testing | Found Corrupted Prototype Special Weapon 25524 | -3/Testing | Identified Gui. Remote Datajack 25594 | -3/Testing | Found Prototype Energy Cannon 25594 | -3/Testing | Identified Hpw. Disruptor Cannon 25782 | -3/Testing | Identified exit to Garrison 25823 | -3/Testing | Discovered new exit (range 20) 25849 | -3/Testing | Spotted PY-71I3EOQFQP 25858 | -3/Testing | Assimilated PY-71I3EOQFQP with formatsys_high 25986 | -3/Testing | Intercept squad dispatched 25990 | -3/Testing | Spotted Tracker 25991 | -3/Testing | Autoassimilated Tracker with RIF 25997 | -3/Testing | Spotted Combat Programmer 26001 | -3/Testing | Allies destroyed Combat Programmer 26080 | -3/Testing | Entered Garrison 26080 | -3/Garrison | Accompanied by 4 allies 26081 | -3/Garrison | Loaded intel: 52 machine locations 26102 | -3/Garrison | Triggered checkpoint 26140 | -3/Garrison | Triggered checkpoint 26162 | -3/Garrison | Garrison Relay disabled 26296 | -3/Garrison | Lost 6 allies 26305 | -3/Garrison | Found Exp. Phase Shifter 26313 | -3/Garrison | Spotted B-75 Beast 26325 | -3/Garrison | Allies destroyed B-75 Beast 26352 | -3/Garrison | Garrison Relay disabled 26375 | -3/Garrison | Spotted B-86 Titan 26385 | -3/Garrison | Rewired B-90 Cyclops 26392 | -3/Garrison | Allies destroyed B-86 Titan 26452 | -3/Garrison | Spotted B-86 Titan 26468 | -3/Garrison | Destroyed B-86 Titan 26550 | -3/Garrison | Spotted B-86 Titan 26560 | -3/Garrison | Triggered checkpoint 26577 | -3/Garrison | Triggered checkpoint 26580 | -3/Garrison | Allies destroyed B-86 Titan 26665 | -3/Garrison | Triggered checkpoint 26685 | -3/Garrison | Garrison Relay disabled 26752 | -3/Garrison | Discovered new exit (range 13) 26788 | -3/Garrison | Triggered checkpoint 26808 | -3/Garrison | Triggered checkpoint 26825 | -3/Garrison | Garrison Relay disabled 26840 | -3/Garrison | Discovered new exit (range 65) 26840 | -3/Garrison | Discovered new exit (range 12) 26840 | -3/Garrison | Discovered new exit (range 68) 26865 | -3/Garrison | Expanded RIF knowledge: Autoassimilate 26983 | -3/Garrison | Spotted B-86 Titan 26999 | -3/Garrison | Destroyed B-86 Titan 27016 | -3/Garrison | Found Relay Coupler [Proto] 27018 | -3/Garrison | Found Relay Coupler [Proto] 27022 | -3/Garrison | Found Relay Coupler [Proto] 27025 | -3/Garrison | Found Relay Coupler [Proto] 27162 | -3/Garrison | Entered Research 27162 | -2/Research | Accompanied by 9 allies 27162 | -2/Research | Evolved 2 slots: Utility x2 27163 | -2/Research | Loaded intel: 114 machine locations 27206 | -2/Research | Garrison activated, responded to threat 27244 | -2/Research | Spotted B-90 Cyclops 27251 | -2/Research | Identified exit to Garrison 27263 | -2/Research | Allies destroyed B-90 Cyclops 27344 | -2/Research | Destroyed 9 combat bots 27344 | -2/Research | Lost 14 allies 27449 | -2/Research | Discovered new exit (range 16) 27492 | -2/Research | Identified exit to Quarantine 27495 | -2/Research | Entered Quarantine 27495 | -2/Quarantine | Accompanied by 2 allies 27496 | -2/Quarantine | Loaded intel: 69 machine locations 27599 | -2/Quarantine | Found Alien Slashing Weapon 27599 | -2/Quarantine | Identified Sigix Broadsword 27691 | -2/Quarantine | Garrison activated, responded to threat 27756 | -2/Quarantine | Found Alien Artifact 27879 | -2/Quarantine | Found Core Cannon 27886 | -2/Quarantine | Spotted Alpha 7 27905 | -2/Quarantine | Destroyed Alpha 7 27917 | -2/Quarantine | Build established: Botlord-Mutant 28011 | -2/Quarantine | Discovered new exit (range 8) 28043 | -2/Quarantine | Found Alien Launcher 28392 | -2/Quarantine | Spotted Fortress 28399 | -2/Quarantine | Hijacked Fortress control node with streamctrl_high 28453 | -2/Quarantine | Destroyed Fortress 28457 | -2/Quarantine | Found Exp. EM Disruption Field 28461 | -2/Quarantine | Found Vortex Chain Reactor 28552 | -2/Quarantine | Discovered new exit (range 5) 28658 | -2/Quarantine | Intercept squad dispatched 28679 | -2/Quarantine | Spotted Tracker 28679 | -2/Quarantine | Spotted Tracker 28680 | -2/Quarantine | Autoassimilated Tracker with RIF 28690 | -2/Quarantine | Destroyed Tracker 28697 | -2/Quarantine | Entered Section 7 28697 | -2/Section 7 | Accompanied by 1 ally 28698 | -2/Section 7 | Loaded intel: 158 machine locations 28863 | -2/Section 7 | Found Alien Artifact 28885 | -2/Section 7 | Identified Integrated Mediator 28885 | -2/Section 7 | Installed Integrated Mediator, increased core attachment efficiency 29124 | -2/Section 7 | Intercept squad dispatched 29138 | -2/Section 7 | Spotted Tracker 29139 | -2/Section 7 | Spotted Tracker 29147 | -2/Section 7 | Destroyed Tracker 29156 | -2/Section 7 | Destroyed Tracker 29165 | -2/Section 7 | Spotted Combat Programmer 29169 | -2/Section 7 | Destroyed Combat Programmer 29179 | -2/Section 7 | Spotted Combat Programmer 29180 | -2/Section 7 | Autoassimilated Combat Programmer with RIF 29181 | -2/Section 7 | Destroyed Combat Programmer 29420 | -2/Section 7 | Lost 3 allies 29503 | -2/Section 7 | Found Alien Artifact 29520 | -2/Section 7 | Spotted B-90 Cyclops 29541 | -2/Section 7 | Destroyed B-90 Cyclops 29560 | -2/Section 7 | Discovered new exit (range 7) 29594 | -2/Section 7 | Scanned by Researcher 29779 | -2/Section 7 | Intercept squad dispatched 29781 | -2/Section 7 | Spotted Tracker 29782 | -2/Section 7 | Autoassimilated Tracker with RIF 29782 | -2/Section 7 | Spotted Tracker 29786 | -2/Section 7 | Spotted Combat Programmer 29787 | -2/Section 7 | Spotted Combat Programmer 29788 | -2/Section 7 | Autoassimilated Combat Programmer with RIF 29792 | -2/Section 7 | Allies destroyed Tracker 29796 | -2/Section 7 | Allies destroyed Combat Programmer 29819 | -2/Section 7 | Garrison activated, responded to threat 29833 | -2/Section 7 | Found Exp. Targeting Computer 29906 | -2/Section 7 | Spotted Alpha 7 29907 | -2/Section 7 | Found Alien Artifact 29910 | -2/Section 7 | Combat Programmer assimilated hostile G-73 Enforcer 29932 | -2/Section 7 | Spotted Alpha 7 29933 | -2/Section 7 | Autoassimilated Alpha 7 with RIF 29985 | -2/Section 7 | Lost 4 allies 29988 | -2/Section 7 | Destroyed Alpha 7 30010 | -2/Section 7 | Found Prototype Ballistic Gun 30010 | -2/Section 7 | Identified Multirail 30032 | -2/Section 7 | Lost 4 parts (1p2u1w) 30099 | -2/Section 7 | Found Exp. Target Analyzer 30102 | -2/Section 7 | Found Multirail 30114 | -2/Section 7 | Spotted B-99 Colossus 30197 | -2/Section 7 | First assault squad dispatched 30204 | -2/Section 7 | Identified SHELL Armor 30206 | -2/Section 7 | Found Alien Artifact 30208 | -2/Section 7 | Found Alien Artifact 30252 | -2/Section 7 | Found Alien Artifact 30252 | -2/Section 7 | Identified LRC Storage 30252 | -2/Section 7 | Installed LRC Storage, increased inventory capacity (+2) 30254 | -2/Section 7 | Found Alien Artifact 30254 | -2/Section 7 | Identified LRC Energy Well 30254 | -2/Section 7 | Installed LRC Energy Well, increased energy storage capacity (+250) 30409 | -2/Section 7 | Intercept squad dispatched 30424 | -2/Section 7 | Spotted Tracker 30425 | -2/Section 7 | Spotted Tracker 30427 | -2/Section 7 | Allies destroyed Tracker 30459 | -2/Section 7 | Spotted Combat Programmer 30460 | -2/Section 7 | Spotted Combat Programmer 30461 | -2/Section 7 | Autoassimilated Combat Programmer with RIF 30461 | -2/Section 7 | Destroyed Tracker 30479 | -2/Section 7 | Destroyed Combat Programmer 30497 | -2/Section 7 | Found Exp. Targeting Computer 30506 | -2/Section 7 | Found Exp. Phase Shifter 30560 | -2/Section 7 | Combat Programmer assimilated hostile B-99 Colossus 30751 | -2/Section 7 | Spotted Striker 30751 | -2/Section 7 | Spotted Striker 30770 | -2/Section 7 | Allies destroyed Striker 30817 | -2/Section 7 | System corruption reached 10% 30828 | -2/Section 7 | Found Alien Energy Gun 30828 | -2/Section 7 | Identified Sigix Sheargun 30832 | -2/Section 7 | Found Sigix Sheargun 30864 | -2/Section 7 | Build established: Scavenger-Mutant 30921 | -2/Section 7 | Found Alien Artifact 30933 | -2/Section 7 | Found Alien Artifact 30944 | -2/Section 7 | Found Alien Artifact 30970 | -2/Section 7 | Spotted Executioner 30970 | -2/Section 7 | Spotted Executioner 30982 | -2/Section 7 | Combat Programmer assimilated hostile Executioner 30987 | -2/Section 7 | Destroyed Executioner 31116 | -2/Section 7 | Identified Core Reset Matrix (x2) 31117 | -2/Section 7 | Identified Transdimensional Reconstructor (x3) 31117 | -2/Section 7 | Identified Integrated Dissipator 31117 | -2/Section 7 | Identified Integrity Redistributor 31142 | -2/Section 7 | Installed Integrated Dissipator, increased core heat dissipation (+20) 31312 | -2/Section 7 | Used Integrity Redistributor, redistributed integrity from core (-295) 31313 | -2/Section 7 | Core integrity fell below 50% 31336 | -2/Section 7 | Destroyed Executioner 31344 | -2/Section 7 | Entered Access 31344 | -1/Access | Accompanied by 1 ally 31344 | -1/Access | Evolved 2 slots: Power x1, Utility x1 31345 | -1/Access | Loaded intel: 123 machine locations 31489 | -1/Access | Found Prototype Device 31489 | -1/Access | Identified Exp. Focal Shield 31647 | -1/Access | Discovered new exit (range 7) 31828 | -1/Access | Entered Command 31828 | -1/Command | Accompanied by 1 ally 31829 | -1/Command | Loaded intel: 66 machine locations 31854 | -1/Command | Spotted B-99 Colossus 31925 | -1/Command | Destroyed B-99 Colossus 31948 | -1/Command | Found Multirail 31959 | -1/Command | Found Multirail 32017 | -1/Command | Spotted M Guard 32018 | -1/Command | Spotted Combat Programmer 32019 | -1/Command | Spotted Combat Programmer 32046 | -1/Command | System corruption reached 10% 32051 | -1/Command | Destroyed Combat Programmer 32051 | -1/Command | Destroyed Combat Programmer 32060 | -1/Command | Spotted M Guard 32079 | -1/Command | Destroyed M Guard 32106 | -1/Command | Destroyed M Guard 32106 | -1/Command | All MAIN.C guards destroyed 32113 | -1/Command | Found Exp. Targeting Computer 32121 | -1/Command | Found Prototype Device 32121 | -1/Command | Identified AEGIS Remote Shield 32130 | -1/Command | Found Zero-point Reactor 32149 | -1/Command | Found Zero-point Reactor 32158 | -1/Command | Found Prototype Protection 32158 | -1/Command | Identified Hvy. Regenerative Plating 32361 | -1/Command | Met MAIN.C 32367 | -1/Command | 0b10 Conduit disabled 32396 | -1/Command | Destroyed MAIN.C Shell 32398 | -1/Command | MAIN.C activated Command garrisons 32446 | -1/Command | Destroyed MAIN.C 32477 | -1/Command | Lost 3 parts (2u1w) 32852 | -1/Command | Discovered new exit (range 46) 32852 | -1/Command | Discovered new exit (range 93) 32852 | -1/Command | Extracted map data and part IDs from MAIN.C's data core 33038 | -1/Command | Found Exp. System Purifier 33041 | -1/Command | Found Spectral Analyzer 33072 | -1/Command | Found Exp. EM Disruption Field 33075 | -1/Command | Found Adv. Particle Accelerator 33546 | -1/Command | Found Adv. Kinecellerator 33744 | -1/Command | Found Omega Cannon 34004 | -1/Command | Found Vortex Chain Reactor 34332 | -1/Command | Found Omega Cannon 34336 | -1/Command | Found Zero-point Reactor 34338 | -1/Command | Found Zero-point Reactor 34400 | -1/Command | Warped through subspace to slip node 34400 | -1/Command | Discovered new exit (range 5) 34408 | -1/Command | Entered Access_0 34409 | -1/Access_0 | Loaded intel: 55 machine locations 34411 | -1/Access_0 | Met Architect 34416 | -1/Access_0 | Architect warped through subspace 34445 | -1/Access_0 | Architect warped through subspace 34455 | -1/Access_0 | Destroyed A8 34472 | -1/Access_0 | Architect warped through subspace 34489 | -1/Access_0 | Spotted Enhanced Programmer 34504 | -1/Access_0 | Destroyed Enhanced Programmer 34523 | -1/Access_0 | Architect warped through subspace 34531 | -1/Access_0 | Found Integrated Reactor 34531 | -1/Access_0 | Installed Integrated Reactor, increased core energy generation (+10) 34549 | -1/Access_0 | Architect warped through subspace 34573 | -1/Access_0 | Architect warped through subspace 34597 | -1/Access_0 | Architect warped through subspace 34609 | -1/Access_0 | Subspace Access Node disabled 34632 | -1/Access_0 | Architect warped through subspace 34676 | -1/Access_0 | Architect warped through subspace 34680 | -1/Access_0 | Spotted Enhanced Programmer 34713 | -1/Access_0 | Destroyed Enhanced Programmer 34731 | -1/Access_0 | A6 warped into view 34739 | -1/Access_0 | Architect warped through subspace 34758 | -1/Access_0 | Lost 6 parts (1p4u1w) 34766 | -1/Access_0 | Core integrity fell below 50% 34797 | -1/Access_0 | Core integrity fell below 20% 34827 | -1/Access_0 | Destroyed by Architect with Modified Sigix Sheargun Last Messages --------------- 34816_ Destroyed Zero-point Reactor. 34816_ Beam penetrates Earth. 34816_ Beam penetrates Wall. 34817_ Penetrated by Quantum Shear. 34817_ Hdn. Centrium Leg severed. 34817_ Penetrated by Quantum Shear. 34818_ Hdn. Centrium Leg destroyed. 34820_ Penetrated by Quantum Shear. 34820_ Slug penetrates A6. 34820_ Slug penetrates Architect. 34822_ System corrupted: Multirail jammed. 34822_ Penetrated by Quantum Shear. 34822_ SHELL Armor destroyed. 34824_ Slug penetrates A6. 34824_ Penetrated by Quantum Shear. 34826_ Slug penetrates A6. 34826_ Critical hit (Impale). 34826_ Core Cannon destroyed. 34827_ Architect regenerates Zero-point Reactor. 34827_ Penetrated by Quantum Shear. Map ----- +----------------------------------------------------+ | ?????????????????????????????????????????????????? | | ?????????????????????????????????????????????????? | | ?????????????????????????????????????????????????? | | ?????????????????????????????????????????????????? | | ?????????????????????????????????????????????????? | | ?????????????????????????????????????????????????? | | ?????????????????????????????????????????????????? | | ?????????????????????????????????????????????????? | | ?????????????????????????????????????????????????? | | ?????????????????????????????????????????????????? | | ?????????????????????????????????????????????????? | | ?????????????????????????????????????????????????? | | ?????????????????????????????????????????????????? | | ??????????????????????????????????"??"???????????? | | ???????????????????????????????????""????????????? | | ???????????????????????????????????""????????????? | | ??????????????????????????????##??"??"???????????? | | ????????????????????????????## #?????????????????? | | ???????????????????????????# ##????????????????? | | ??????????????????????????# #????????????????? | | ????????????????????????## #????????????????? | | ????????###????????????##;;; # ####?????????????? | | ???????## #?????????###;; ;; #??? #?????? | | ??????## ????????## ;; # ; ?????????? | | ??????# ##?????##;; !!% ;;; #??????????????? | | ????### #?????#%%!%p@= #?????????????????? | | ????# ##???# ;0%% ;% ;;;; ??????? | | ????# #; ; =%%%;;;;; ; ?? | | ????##"# ;# ;; % ;; ###### ####???? | | ????# #; ;;;; % ;###??????? ###??????? | | ???? ; ##?????????#????????? | | ?#### ?# ## #??????????????????? | | ?# # ##"??# % ;#;# #??????????????????? | | ?# # #?#;!= ;%% ##### #??????????????????? | | ## """""##; =%! %;;;##????# "#??????????????????? | | # #" ;;; !% ; #??????####??????????????????? | | " ;; ##????????????????????????????? | | # " ;; % #????????????????????????????? | | % %% = ! % % ;;;;""### ##?????????#####???####### | | #%" !%*;;; ;%; "" " #?#########"""#####"#"#"" | | "]! "!=;;;% !% " ### | | "% % """;; * """""" | | !] " " ]!! | | %! " " % | | %!% " "" #"#"""##"##" """"#"""""""""""#"# | | /% " ## #########??### ######## #"""# | | % %""##### ##????????????# #??????########"" " | | "#####???# #?????????????# #??????????????"""" | | ##????????# #?????????????# #?????????????????? | | ??????????# #????????????# #?????????????????? | +----------------------------------------------------+ Best States ------------- Heat Dissipation 148 Coolant Potential 120 Energy Generation 93 Energy Capacity 1090 Matter Stores 300 Matter Capacity 300 Sight Range 24 Robot Scan Range 16 Terrain Scan Range 16 Terrain Scan Density 10 Jamming Range 16 Additional Mass Support 25 Armor Coverage 3000 Resistance: KI 30 Resistance: EM 75 Point Defense Rating 240 Weapon Cycling 25 Phase Shifting 20 Evasion (%) 75 Targeting Accuracy 24 Target Analysis 10 Core Analysis 8 Armor Integrity Analysis 40 Recoil Reduction 4 Energy Filtering 30 Particle Charging 50 Kinecelleration 50 Salvage Targeting 4 Offensive Hacking 10 Defensive Hacking 25 Relay Coupler Types 8 Relay Coupler Value 198 Item Schematics ----------------- Combat Drone Bay | -7/Data Miner | Free Lgt. Regenerative Plating | -7/Data Miner | Free Cld. Cesium-ion Thruster | -7/Data Miner | Free Gravity Neutralizer | -7/Data Miner | Free Imp. Heavy Machine Gun | -7/Data Miner | Free Hvy. Treads | -7/Data Miner | Free Imp. Coolant Injector | -7/Data Miner | Free Lance | -7/Data Miner | Free Hvy. Plasma Cannon | -7/Data Miner | Free Imp. Weapon Cycler | -7/Data Miner | Free Imp. Focal Shield | -7/Data Miner | Free Lgt. Antimatter Reactor | -7/Data Miner | Free Imp. Antigrav System | -7/Data Miner | Free Exp. Hacking Suite | -3/Testing | Archive Imp. Matter Neutralizer | -3/Testing | Archive Ionic Axe | -3/Testing | Archive Cld. Phase Gun | -3/Testing | Archive Com. Particle Reactor | -3/Testing | Archive Exp. Matter Compressor | -3/Testing | Archive Exp. Flexi-carbon Leg | -3/Testing | Archive Adv. Variable Charge Gun | -3/Testing | Archive Centrium Heavy Treads | -3/Testing | Archive Adv. Kinecellerator | -3/Testing | Archive Hvy. Wave Gun | -3/Testing | Archive Exp. Coolant Injector | -3/Testing | Archive Thunder Hammer | -3/Testing | Archive Electron Diverter | -3/Testing | Archive Adv. Matter Compressor | -3/Testing | Archive Adv. Energy Well | -3/Testing | Archive Shock Maul | -3/Testing | Archive Imp. Energy Well | -2/Quarantine | Archive Cld. Linear Gravjet | -2/Quarantine | Archive Lrn. Phase Cannon | -2/Quarantine | Archive Cld. Impulse Thruster | -2/Quarantine | Archive Exp. Transmission Jammer | -2/Quarantine | Archive Exp. Targeting Computer | -2/Section 7 | Archive Exp. Core Analyzer | -2/Section 7 | Archive Enh. Armored Medium Treads | -2/Section 7 | Archive Exp. Energy Well | -2/Section 7 | Archive Imp. Matter Compressor | -2/Section 7 | Archive Com. Linear Accelerator | -2/Section 7 | Archive Diametric Drive | -2/Section 7 | Archive Robot Schematics ------------------ Y-54 Guardian | -7/Data Miner | Free S-27 Virus | -7/Data Miner | Free G-50 Soldier | -7/Data Miner | Free B-60 Warrior | -7/Data Miner | Free R-10 Processor | -7/Data Miner | Free R-06 Scavenger | -3/Testing | Archive C-55 Analyst | -3/Testing | Archive I-47 Archangel | -3/Testing | Archive A-15 Conveyor | -3/Testing | Archive B-74 Champion | -3/Testing | Archive A-27 Freighter | -2/Quarantine | Archive A-02 Transporter | -2/Quarantine | Archive S-43 Plague | -2/Quarantine | Archive G-73 Enforcer | -2/Section 7 | Archive W-44 Eye | -2/Section 7 | Archive Fabricated ------------ Biometal Leg | x2 | -5/Factory | Preloaded Adv. Cloaking Device | x1 | -4/Factory | Preloaded Alien Tech Used ----------------- Sigix Broadsword Integrated Mediator Core Cannon LRC Storage LRC Energy Well Sigix Sheargun Integrated Dissipator Integrity Redistributor Transdimensional Reconstructor Integrated Reactor Achievements -------------- None Challenges ------------ None Game ------ Seed SpectralThunderMeganuke Manual? 0 Play Time 07:30:45 Cumulative 434.3 hours Start 2024.01.15 @ 19:47:06 End 2024.01.16 @ 03:41:57 Sessions 1 Manual Loads 0 Difficulty Rogue Special Mode None Game No. 154 Rogue 139 Adventurer 15 Explorer 0 Win Type - Total 27 Types 7/2/7/2/2/0/4/2/1 Lore% 90 Gallery% 92 Achievement% 83 Wizard Run 0 Options --------- ASCII 0 Keyboard 0 Movement Numpad Keybinds 0 Fullscreen 1 Font 18/SmallcapsGlow Map View 76x50 Zoom Use 0% Tactical HUD 1 Map Filters NONE Filters NONE Steam 1 RUN: 8af74de2-d05a-430e-8436-deeef407db3b